 Dungeon Crawl Stone Soup version 0.30-a0-743-gbfdf073431 (console) character file.

Game seed: 4124328557465747892

1909926 atomjack the Slayer (level 26, 258/258 HPs)
             Began as a Demonspawn Chaos Knight on Feb 5, 2023.
             Was a Favourite Plaything of Xom.
             Escaped with the Orb
             ... and 3 runes on Feb 6, 2023!
             The game lasted 04:24:34 (52806 turns).

atomjack the Slayer (Demonspawn Chaos Knight)      Turns: 52806, Time: 04:24:34

Health: 258/258    AC: 33    Str: 32    XL:     26   Next: 4%
Magic:  36/36      EV: 14    Int: 21    God:    Xom [*.....]
Gold:   4672       SH: 13    Dex: 16    Spells: 25/25 levels left

rFire   + + .      SeeInvis +    b - +11 broad axe {freeze, rN+ MP+9 Dex-5 Stlth+}
rCold   + + .      Faith    .    C - +1 kite shield "Iwum" {rN+ Will+ Str+4 Dex+3}
rNeg    + + .      Spirit   .    n - +8 plate armour "Qioche" {rF+ Regen+}
rPois   +          Reflect  .    L - +0 hat of the Poles {Will++ Int+4}
rElec   +          Harm     .    f - scarf {+Inv}
rCorr   +          Rampage  .    (gloves unavailable)
Will    +++++      Clarity  +    m - +0 pair of boots "Opilorgh" {rCorr Int+2 Dex+4 SInv} Stlth
                                 j - necklace of Bloodlust {Fury *Rage Will++ Int-3 Slay+6}
HPRegen 2.23/turn                W - ring "Talow" {Contam rElec MP+9 Str+3 Int+3}
MPRegen 0.25/turn                t - ring of Untruth {rPois rF+ rC++ Str+6 Int-3}

@: studying 4 skills
A: slimy green scales 3, demonic guardian 3, spiny 2, augmentation 3, demonic
touch 3, horns 1, clarity, low MP 2, regeneration 1, robust 1, noise suppression
0: Orb of Zot
}: 3/15 runes: serpentine, barnacled, silver
a: Renounce Religion, Evoke Invisibility


You escaped.
You worshipped Xom.
You were a special plaything of Xom.
You visited 9 branches of the dungeon, and saw 47 of its levels.
You also visited: Bailey, Gauntlet and Ice Cave.

You collected 11920 gold pieces.
You spent 7248 gold pieces at shops.

Inventory:

Hand Weapons
 a - a +6 hand axe of chaos
 b - the +11 broad axe "Daduqi" (weapon) {freeze, rN+ MP+9 Dex-5 Stlth+}
   (You found it in an ice cave)

   Dex:       It affects your dexterity (-5).
   rN:        It protects you from negative energy.
   MP:        It affects your magic capacity (+9).
   Stlth:     It makes you more stealthy.
Missiles
 d - 13 silver javelins (quivered)
 K - 17 boomerangs
Armour
 f - a scarf of invisibility (worn)
 m - the +0 pair of boots "Opilorgh" (worn) {rCorr Int+2 Dex+4 SInv}
   (You acquired it in a bailey)

   Int:       It affects your intelligence (+2).
   Dex:       It affects your dexterity (+4).
   SInv:      It lets you see invisible.
   rCorr:     It protects you from acid and corrosion.
 n - the +8 plate armour "Qioche" (worn) {rF+ Regen+}
   (You found it on level 11 of the Dungeon)

   rF:        It protects you from fire.
   Regen:     It increases your rate of health regeneration.
 C - the +1 kite shield "Iwum" (worn) {rN+ Will+ Str+4 Dex+3}
   (You found it on level 3 of the Elven Halls)

   Str:       It affects your strength (+4).
   Dex:       It affects your dexterity (+3).
   rN:        It protects you from negative energy.
   Will:      It increases your willpower.
 L - the +0 hat of the Poles (worn) {Will++ Int+4}
   (You acquired it on level 1 of the Snake Pit)

   Int:       It affects your intelligence (+4).
   Will:      It greatly increases your willpower.
Jewellery
 j - the necklace of Bloodlust (around neck) {Fury *Rage Will++ Int-3 Slay+6}
   (You bought it in a shop on level 6 of the Dungeon)

   [amulet of nothing]

   Fury:      It extends the wearer's berserk rage when killing foes.
   Int:       It affects your intelligence (-3).
   Slay:      It affects your accuracy & damage with ranged weapons and melee
   (+6).
   *Rage:     It berserks you when you make melee attacks (+50% chance).
   Will:      It greatly increases your willpower.
 q - the macabre finger necklace {Finger+ rN+}
   (You found it in a Gauntlet)

   [amulet of nothing]

   Finger+:   It enables you to equip an extra ring.
   rN:        It protects you from negative energy.
 t - the ring of Untruth (right hand) {rPois rF+ rC++ Str+6 Int-3}
   (You acquired it in a bailey)

   [ring of strength]

   Str:       It affects your strength (+6).
   Int:       It affects your intelligence (-3).
   rF:        It protects you from fire.
   rC:        It greatly protects you from cold.
   rPois:     It protects you from poison.
 x - the amulet of Haeshroa {Faith Str+3 SInv}
   (You found it in a Gauntlet)

   [amulet of faith]

   It allows you to gain divine favour quickly.
   Str:       It affects your strength (+3).
   SInv:      It lets you see invisible.
 B - a ring of willpower
 J - a +5 ring of evasion
 O - the ring "Nani" {Fly rC++ MP+9 Int+3}
   (You found it on level 7 of the Dungeon)

   [ring of flight]

   Int:       It affects your intelligence (+3).
   rC:        It greatly protects you from cold.
   MP:        It affects your magic capacity (+9).
   Fly:       It grants you flight.
 W - the ring "Talow" (left hand) {Contam rElec MP+9 Str+3 Int+3}
   (You found it on level 4 of the Shoals)

   [ring of magical power]

   Str:       It affects your strength (+3).
   Int:       It affects your intelligence (+3).
   rElec:     It insulates you from electricity.
   MP:        It affects your magic capacity (+9).
   Contam:    It causes magical contamination when unequipped.
Wands
 p - a wand of digging (12)
 r - a wand of charming (37)
 u - a wand of mindburst (23)
 A - a wand of polymorph (40)
 S - a wand of iceblast (23)
 Z - a wand of light (19)
Scrolls
 i - 9 scrolls of poison
 l - 16 scrolls of teleportation
 s - 11 scrolls of immolation
 y - 7 scrolls of vulnerability
 D - 5 scrolls of blinking
 G - 2 scrolls of summoning
 N - 5 scrolls of silence
 Q - 9 scrolls of fear
 R - 3 scrolls of magic mapping
 U - 4 scrolls of fog
Potions
 e - 30 potions of curing
 g - a potion of ambrosia
 h - 7 potions of haste
 k - 9 potions of might
 o - 5 potions of invisibility
 v - 5 potions of cancellation
 z - 3 potions of resistance
 F - 7 potions of magic
 I - 12 potions of attraction
 P - 4 potions of berserk rage
 T - 4 potions of heal wounds
 V - 6 potions of lignification
 X - 6 potions of mutation
Miscellaneous
 c - a tin of tremorstones (2/2)
 w - a condenser vane
 E - a lightning rod (4/4)
 H - a phial of floods
 M - a phantom mirror
 Y - a box of beasts


   Skills:
 - Level 25.0 Fighting
 - Level 1.1 Short Blades
 - Level 17.9(18.0) Axes
 - Level 1.2(11.8) Maces & Flails
 - Level 16.0 Throwing
 * Level 21.4 Armour
 * Level 12.4 Dodging
 - Level 1.7 Stealth
 + Level 12.2 Shields
 + Level 18.0 Evocations


You had 25 spell levels left.
You didn't know any spells.
Your spell library contained the following spells:

 Spells                   Type           Power      Damage    Failure   Level
 Beastly Appendage        Tmut           0%         N/A       77%         1
 Foxfire                  Conj/Fire      0%         2x1d4     77%         1
 Freeze                   Ice            0%         1d3       77%         1
 Necrotise                Necr           0%         1d4       77%         1
 Sandblast                Erth           0%         2d4       77%         1
 Summon Small Mammal      Summ           0%         N/A       77%         1
 Blink                    Tloc           0%         N/A       88%         2
 Cigotuvi's Dreadful Rot  Necr/Pois/Air  0%         N/A       88%         2
 Ensorcelled Hibernation  Hex/Ice        0%         N/A       88%         2
 Lesser Beckoning         Tloc           0%         N/A       88%         2
 Momentum Strike          Conj/Tloc      0%         3d8       88%         2
 Passwall                 Tmut/Erth      0%         N/A       88%         2
 Poisonous Vapours        Pois/Air       0%         N/A       88%         2
 Sublimation of Blood     Necr           0%         N/A       88%         2
 Wereblood                Tmut           0%         N/A       88%         2
 Call Canine Familiar     Summ           0%         N/A       98%         3
 Dazzling Flash           Conj/Hex       0%         N/A       98%         3
 Frozen Ramparts          Ice            0%         1d1       98%         3
 Gell's Gravitas          Tloc           0%         N/A       98%         3
 Ignite Poison            Fire/Tmut/Pois 0%         N/A       98%         3
 Inner Flame              Hex/Fire       0%         N/A       98%         3
 Kindle Blastsparks       Fire/Tloc/Air  0%         2d10      98%         3
 Mephitic Cloud           Conj/Pois/Air  0%         N/A       98%         3
 Ozocubu's Armour         Ice            0%         N/A       98%         3
 Portal Projectile        Hex/Tloc       0%         N/A       98%         3
 Spider Form              Tmut/Pois      0%         N/A       98%         3
 Stone Arrow              Conj/Erth      0%         3d7       98%         3
 Summon Guardian Golem    Hex/Summ       0%         N/A       98%         3
 Swiftness                Air            0%         N/A       98%         3
 Teleport Other           Tloc           0%         N/A       98%         3
 Tukima's Dance           Hex            0%         N/A       98%         3
 Vampiric Draining        Necr           0%         2d6       98%         3
 Animate Armour           Summ/Erth      0%         N/A       100%        4
 Dispel Undead            Necr           0%         3d6       100%        4
 Flame Wave               Conj/Fire      0%         2d4       100%        4
 Fulminant Prism          Conj/Hex       0%         3d5       100%        4
 Ice Form                 Ice/Tmut       0%         N/A       100%        4
 Iskenderun's Mystic Bla  Conj/Tloc      0%         2d3       100%        4
 Leda's Liquefaction      Hex/Erth       0%         N/A       100%        4
 Olgreb's Toxic Radiance  Pois           0%         N/A       100%        4
 Petrify                  Tmut/Erth      0%         N/A       100%        4
 Sticky Flame             Conj/Fire      0%         2d3       100%        4
 Summon Ice Beast         Ice/Summ       0%         N/A       100%        4
 Agony                    Necr           0%         N/A       100%        5
 Alistair's Intoxication  Tmut/Pois      0%         N/A       100%        5
 Blade Hands              Tmut           0%         N/A       100%        5
 Borgnjor's Vile Clutch   Necr/Erth      0%         N/A       100%        5
 Fireball                 Conj/Fire      0%         3d3       100%        5
 Freezing Cloud           Conj/Ice/Air   0%         6-21      100%        5
 Lee's Rapid Deconstruct  Erth           0%         3d4*      100%        5
 Metabolic Englaciation   Hex/Ice        0%         N/A       100%        5
 Summon Forest            Summ/Tloc      0%         N/A       100%        5
 Summon Mana Viper        Hex/Summ       0%         N/A       100%        5
 Conjure Ball Lightning   Conj/Air       0%         3x3d6     100%        6
 Death Channel            Necr           0%         N/A       100%        6
 Eringya's Noxious Bog    Tmut/Pois      0%         N/A       100%        6
 Iron Shot                Conj/Erth      0%         9d1       100%        6
 Simulacrum               Ice/Necr       0%         N/A       100%        6
 Starburst                Conj/Fire      0%         6d3       100%        6
 Statue Form              Tmut/Erth      0%         N/A       100%        6
 Summon Cactus Giant      Summ           0%         N/A       100%        6
 Orb of Destruction       Conj           0%         9d5       100%        7
 Ozocubu's Refrigeration  Ice            0%         4d7       100%        7
 Spellforged Servitor     Conj/Summ      0%         N/A       100%        7
 Summon Hydra             Summ           0%         N/A       100%        7
 Discord                  Hex            0%         N/A       100%        8
 Disjunction              Tloc           0%         N/A       100%        8
 Ignition                 Fire           0%         3d3       100%        8
 Necromutation            Tmut/Necr      0%         N/A       100%        8


Dungeon Overview and Level Annotations

Branches:
Dungeon (15/15)            Temple (0/1) D:4            Lair (5/5) D:11
 Shoals (4/4) Lair:3        Snake (4/4) Lair:3        Slime (0/5) Lair:4
    Orc (2/2) D:11            Elf (3/3) Orc:2        Vaults (5/5) D:13
  Crypt (0/3) Vaults:2     Depths (4/4) D:15            Zot (5/5) Depths:4
 Bailey (visited)           IceCv (visited)         Gauntlet (visited)

Altars:
Fedhas
Hepliaklqana
Kikubaaqudgha
Nemelex Xobeh
Okawaru
Qazlal
Ru
Wu Jian
Xom
Yredelemnul

Shops:
D:1 [   D:6 ![=(*   Orc:2 ?(*:*::[   Shoals:1 [**(   Shoals:2 :   Snake:1 (
Snake:2 =:=   Vaults:1 !   Vaults:5 ![![!?[   Depths:4 !!

Portals:
Hell: Depths:1 Depths:2 Depths:3 Depths:4
Abyss: Depths:2 Depths:3 Depths:4
Pandemonium: Depths:1 Depths:2 Depths:3
Ziggurat: Depths:4
Trove: Depths:1 (give 17 potions of curing)

Annotations:
Elf:2 3 runed translucent doors, exclusion: 3 doors
Depths:4 exclusions: floating eye, shining eye and 2 more exclusions


Innate Abilities, Weirdness & Mutations

You are completely covered in slimy green scales. (AC +4, rPois)
A powerful demonic guardian rushes to your aid.
You are mostly covered in sharp spines.
Your magical and physical power is greatly enhanced at high health.
Your touch may irresistibly damage your foes and sap their willpower.
You have a pair of small horns on your head.
You possess an exceptional clarity of mind.
Your magical capacity is very low. (-20% MP)
Your natural rate of healing is unusually fast.
You are robust. (+10% HP)
You passively dampen the noise of your surroundings.


Message History

There is a stone staircase leading up here.
You slice the cacodemon!! You freeze the cacodemon. You headbutt the cacodemon!
The cacodemon is moderately wounded.
You hear a screech!
You slice the cacodemon!! You freeze the cacodemon.
You headbutt the cacodemon, but do no damage.
The cacodemon is severely wounded.
The cacodemon hits you!
A demonic guardian appears!
The cacodemon misses you.
An orange demon comes into view.
You slice the cacodemon like a ripe choko!!!
You freeze the cacodemon.
You kill the cacodemon!
The orange demon stings you but does no damage.
You block the orange demon's attack. The orange demon closely misses you.
You carve the orange demon like a ham!!!
You freeze the orange demon. You headbutt the orange demon.
You kill the orange demon!
No target in view!
(D) Dungeon (T) Temple (L) Lair (A) Shoals (P) Snake Pit (M) Slime Pits (O) Orcish Mines (E) Elven Halls (V) Vaults (C) Crypt (U) Depths (H) Hell (Z) Zot
Where to? (Enter - D:1, ? - help)
There is a stone staircase leading up here.
You climb upwards.
Your summoned ally is left behind.
There is a stone staircase leading down here.
There is a stone staircase leading up here.
You climb upwards.
There is a stone staircase leading down here.
There is a stone staircase leading up here.
You climb upwards.
There is a stone staircase leading down here.
Press: ? - help, v - describe, . - travel A stone staircase leading down.
This square is covered in magical glow.
Unknown command.
There is a large open door here.
There is an open door here.
There is a staircase leading out of the dungeon here.
You have escaped!

#.# ##.# #.# #..# #.#
#.## #.# #.#
############# #.#
###.#8#.#8#.####.# #
###8#'#.#+#.#+#8##.###
#.'.............'.....
#.'.............'.....
#.#8#'#.#+#.#+#8##....
#.###@#8#.#8#.####....
#..#############...>..
##.#.# #.##...# #...#
#.##...# ###.###
#.##...# #.∩...#
#.##.... #.#.#.######
#.##.... #.#........#
#.##.#.. #.###.####.#
#.##.#.. #.....# #.#
#....... ####### #.#
####.#..


There were no monsters in sight!

Vanquished Creatures
  A pandemonium lord (Zot:2)
  Mara (Vaults:3)
  5 dread liches
  5 orbs of fire
  A juggernaut (Depths:4)
  2 Killer Klowns (Zot:5)
  2 curse toes (Zot:4)
  A caustic shrike (Depths:3)
  Saint Roka (Snake:3)
  7 golden dragons
  Nikola (Vaults:1)
  3 electric golems
  An iron giant (Depths:2)
  A hellephant (Zot:5)
  23 Orb Guardians
  10 tentacled monstrosities
  4 liches
  2 deep elf blademasters (Elf:3)
  6 quicksilver dragons
  2 titans (Vaults:5)
  A kraken (Shoals:2)
  2 deep elf master archers (Elf:3)
  9 death cobs
  5 acid blobs
  Polyphemus (Shoals:4)
  9 sphinxes
  Kirke (D:15)
  4 shadow dragons
  A storm dragon (shapeshifter) (Depths:1)
  7 tengu reavers
  8 draconian monks
  7 storm dragons
  6 fire giants
  5 nagarajas (Snake:4)
  A balrug (Zot:2)
  7 frost giants
  3 iron dragons
  Aizul (Snake:2)
  2 draconian knights
  10 deep elf sorcerers
  2 draconian scorchers (Zot:4)
  Louise (Shoals:1)
  19 vault wardens
  A broodmother (shapeshifter) (Vaults:5)
  7 ghost moths
  An orc warlord (Vaults:1)
  2 reapers
  3 deep elf elementalists (Elf:3)
  A demonspawn corrupter (D:4)
  6 draconian shifters
  A cacodemon (D:4)
  13 stone giants
  6 draconian annihilators
  A spriggan defender (Depths:4)
  18 very ugly things
  4 war gargoyles
  19 ironbound preservers
  9 green draconians
  2 draconian stormcallers
  8 ironbound thunderhulks
  4 vampire knights
  Nessos (D:12)
  8 deep elf demonologists
  2 purple draconians
  10 black draconians
  6 deep elf annihilators
  8 dire elephants
  A lorocyproca (Depths:3)
  4 minotaurs
  3 red draconians
  20 yellow draconians
  A bunyip (Vaults:4)
  2 merfolk javelineers
  3 eidola (Vaults:2)
  9 ettins
  5 merfolk impalers
  6 white draconians
  8 deep elf death magi
  4 fire dragons
  A shambling mangrove (Gauntlet)
  2 crystal guardians
  5 deep elf high priests
  6 great orbs of eyes
  14 yaktaur captains
  Josephine (D:11)
  3 salamander tyrants (Snake:4)
  33 vault guards
  3 spriggan air magi
  4 rakshasas (Depths:1)
  The ghost of Biuhuska the Fighter, a journeyman DsWn of Gozag (D:12)
  7 hydras
  8 ice dragons
  6 ogre magi
  2 peacekeepers
  Erolcha (D:9)
  9 anacondas
  A merfolk aquamancer (Shoals:4)
  4 centaur warriors
  2 merfolk avatars
  8 boulder beetles
  A boulder beetle (shapeshifter) (Elf:3)
  2 catoblepae
  10 satyrs
  11 ironbound frosthearts
  17 two-headed ogres
  An alligator snapping turtle (Shoals:1)
  20 dancing weapons
  6 death yaks
  5 deep troll shamans
  9 naga warriors
  6 deep troll earth magi
  5 tengu warriors
  16 naga sharpshooters
  8 hell knights
  3 shock serpents
  A vampire mage (Depths:4)
  The ghost of Delarado the Martial Artist, a novice OpFi of Okawaru (D:9)
  8 deep elf knights
  2 spriggan berserkers (Depths:4)
  2 spriggans (Depths:4)
  3 sun demons
  2 fire crabs
  6 skeletal warriors (D:13)
  2 shadow wraiths (Vaults:5)
  54 deep trolls
  5 glowing orange brains
  A flayed ghost (Vaults:5)
  8 iron trolls
  2 sea snakes (shapeshifter)
  19 sea snakes
  2 shadow demons
  4 large abominations (Depths:2)
  The ghost of CrazyBamboolord the Martial Artist, a novice OpTm of Nemelex Xobeh (D:7)
  A glowing orange brain (shapeshifter) (Lair:1)
  4 salamander mystics
  4 naga ritualists
  7 wizards
  Pikel (D:5)
  A steelbarb worm (shapeshifter) (Vaults:5)
  7 phantasmal warriors
  10 deep elf archers
  12 ironbound convokers
  12 lindwurms
  5 necromancers
  28 deep elf pyromancers
  11 mana vipers
  32 ugly things
  10 harpies
  8 orc knights
  32 deep elf zephyrmancers
  3 oklob plants (Zot:2)
  4 orc sorcerers
  8 cyclopes
  2 wolf spiders
  21 fauns
  14 salamanders
  15 manticores
  A cyclops (shapeshifter) (Vaults:5)
  A shining eye (shapeshifter) (Vaults:5)
  7 elephants (Lair:5)
  14 moths of wrath
  25 black mambas
  7 merfolk sirens
  A rust devil (Depths:3)
  26 slime creatures
  6 guardian serpents
  An elephant (shapeshifter) (Vaults:5)
  15 vault sentinels
  2 ice statues (IceCv)
  15 naga magi
  5 water nymphs
  A smoke demon (Depths:1)
  3 gargoyles
  Maggie (Lair:2)
  6 unseen horrors
  3 orange demons
  11 cane toads
  A komodo dragon (shapeshifter) (Lair:1)
  2 rime drakes
  2 freezing wraiths
  8 komodo dragons
  A kobold demonologist (Bailey)
  An anaconda simulacrum (IceCv)
  26 yaktaurs
  7 red devils
  A meliai (shapeshifter) (Zot:5)
  6 hornets
  22 merfolk
  3 trolls
  2 hellwings (Depths:1)
  Grinder (D:5)
  2 raiju (shapeshifter)
  3 wind drakes
  3 polar bears
  A blink frog (shapeshifter) (D:14)
  20 blink frogs
  A centaur simulacrum (D:14)
  8 dream sheep
  A jumping spider (shapeshifter) (D:13)
  A shapeshifter (Vaults:3)
  3 snapping turtles
  2 air elementals
  A yak (shapeshifter) (Elf:3)
  A ynoxinul (D:9)
  7 wraiths (D:11)
  3 basilisks
  5 fire elementals
  6 hogs (D:15)
  14 water elementals
  39 yaks
  A vampire (D:9)
  6 wyverns
  10 chaos spawn
  Grum (D:7)
  5 redbacks
  4 steam dragons
  3 small abominations (Depths:2)
  2 neqoxecs (Depths:1)
  7 vampire mosquitoes
  A death yak simulacrum (IceCv)
  31 nagas
  2 wargs
  A harpy simulacrum (IceCv)
  A swamp worm (shapeshifter) (Vaults:5)
  An acid dragon (Gauntlet)
  13 water moccasins
  7 ice beasts
  30 orc warriors
  A sky beast (shapeshifter) (D:10)
  2 sky beasts
  4 black bears
  10 boggarts
  An ogre (shapeshifter) (D:13)
  26 ogres
  30 wolves
  5 centaurs
  A lemure (D:5)
  A phantom (D:5)
  2 kobold brigands
  12 bullfrogs
  3 necrophages
  6 gnoll sergeants
  An earth elemental (Elf:3)
  2 cane toad simulacra (IceCv)
  3 scorpions
  13 wights
  5 killer bees (D:10)
  6 electric eels
  3 howler monkeys
  A human simulacrum (Vaults:1)
  5 hounds
  29 jellies
  8 orc priests
  A gnoll bouda (D:7)
  Jessica (D:2)
  An iguana (D:5)
  Ijyb (D:3)
  8 orc wizards
  A polar bear simulacrum (IceCv)
  A boggart simulacrum (D:14)
  13 adders
  16 gnolls
  5 ufetubi
  An adder zombie (D:3)
  2 adder skeletons (D:3)
  A worm (D:2)
  42 orcs
  4 bats
  15 endoplasms
  5 giant cockroaches
  4 hobgoblins
  7 quokkas
  11 ball pythons
  4 frilled lizards
  19 goblins
  12 kobolds
  7 rats
  A spectral hobgoblin (D:15)
  A tentacle (Shoals:2)
1859 creatures vanquished.

Vanquished Creatures (collateral kills)
  An orb of fire (Zot:5)
  Jory (Vaults:3)
  A lich (Depths:3)
  A quicksilver dragon (Zot:4)
  A shadow dragon (Zot:5)
  A storm dragon (Zot:1)
  Roxanne (Snake:2)
  A nagaraja (Snake:4)
  A deep elf sorcerer (Vaults:5)
  A draconian shifter (Zot:2)
  3 draconian stormcallers (Depths:4)
  An orc warlord (Vaults:1)
  A stone giant (Depths:3)
  3 ironbound preservers
  A very ugly thing (Depths:3)
  2 deep elf annihilators
  A green draconian (Zot:1)
  A deep elf demonologist (Elf:2)
  4 dire elephants
  A red draconian (Zot:1)
  A white draconian (Zot:1)
  2 ettins (Depths:1)
  A merfolk javelineer (Shoals:4)
  A yaktaur captain (Vaults:5)
  A vault guard (Vaults:5)
  An ice dragon (Depths:1)
  A salamander tyrant (Snake:4)
  2 dancing weapons (Elf:2)
  A merfolk avatar (Shoals:2)
  A two-headed ogre (D:9)
  A death yak (Lair:5)
  A deep troll earth mage (Depths:3)
  A shock serpent (Snake:4)
  A hell knight (Depths:3)
  The ghost of Cung the Protected, a novice GrBe of Trog (Lair:1)
  2 iron trolls
  A skeletal warrior (D:13)
  3 sea snakes
  2 deep elf archers (Elf:1)
  2 flayed ghosts
  2 deep trolls
  4 harpies
  2 lindwurms (Vaults:1)
  A naga ritualist (Snake:1)
  An orc knight (Vaults:1)
  A deep elf pyromancer (Elf:2)
  A necromancer (Depths:3)
  4 deep elf zephyrmancers
  A salamander (Snake:1)
  2 ugly things (D:14)
  2 fauns
  4 elephants (Lair:5)
  An ice statue (IceCv)
  A naga mage (Snake:4)
  2 vault sentinels (Vaults:4)
  A cane toad (Lair:1)
  2 komodo dragons
  2 yaktaurs
  2 merfolk
  4 blink frogs
  2 dream sheep (Shoals:1)
  6 slime creatures
  A jumping spider (shapeshifter) (Depths:1)
  A spriggan (shapeshifter) (Depths:3)
  A fire elemental (Elf:1)
  3 yaks
  A basilisk (Lair:5)
  Menkaure (D:4)
  A harpy simulacrum (IceCv)
  3 nagas (Snake:4)
  Duvessa (D:4)
  A black bear (D:7)
  An ogre (D:5)
  2 wolves
  A kobold brigand (D:7)
  An earth elemental (Elf:1)
  Dowan (D:4)
  2 electric eels
  2 gnolls
  6 orcs
133 creatures vanquished.

Vanquished Creatures (others)
  A quicksilver dragon (Depths:3)
  A frost giant (Vaults:5)
  A draconian shifter (Zot:1)
  A black draconian (Zot:1)
  A red draconian (Zot:1)
  2 dancing weapons
  A shock serpent (Snake:4)
  A soul eater (Zot:2)
  A necromancer (Vaults:5)
  2 deep elf pyromancers
  A manticore (Shoals:4)
  An elephant (shapeshifter) (Vaults:5)
  A tengu conjurer (Elf:1)
  A yak (D:10)
  An orc warrior (D:7)
  An earth elemental (Elf:1)
  A wolf zombie (D:7)
  An orc priest (D:9)
  2 orc wizards
  3 orcs
  30 fungi
  108 plants
  11 tentacles (Shoals:2)
  7 withered plants
181 creatures vanquished.

Grand Total: 2173 creatures vanquished

Notes
Turn   | Place    | Note
-------+----------+-------------------------------------------
     0 | D:1      | atomjack the Demonspawn Chaos Knight began the quest for
                  | the Orb.
     0 | D:1      | Reached XP level 1. HP: 18/18 MP: 1/1
    16 | D:1      | Found Zubysual's Armour Emporium.
   175 | D:1      | Reached skill level 1 in Dodging
   208 | D:1      | XOM: smoke on damage
   282 | D:1      | Gained mutation: You are partially covered in slimy green
                  | scales. (AC +2) [demonic ancestry]
   282 | D:1      | Reached XP level 2. HP: 24/24 MP: 2/2
   414 | D:1      | XOM: silly message
   829 | D:2      | XOM: silly message
   836 | D:2      | Gained mutation: You are partially covered in sharp spines.
                  | [demonic ancestry]
   836 | D:2      | Reached XP level 3. HP: 28/29 MP: 3/3
   892 | D:2      | Noticed Jessica
   899 | D:2      | Killed Jessica
   965 | D:2      | Gained mutation: You are mostly covered in sharp spines.
                  | [demonic ancestry]
   965 | D:2      | Reached XP level 4. HP: 29/35 MP: 4/4
  1036 | D:2      | XOM: give mutation
  1036 | D:2      | Gained mutation: You are robust. (+10% HP) [Xom's mischief]
  1226 | D:2      | Identified the +12 short sword of the Median {pain, rElec
                  | rF+ rN+}
  1526 | D:3      | Noticed Ijyb
  1551 | D:3      | Killed Ijyb
  1552 | D:3      | Reached XP level 5. HP: 41/46 MP: 5/5
  1651 | D:1      | Bought the +1 chain mail "Liojygh" {Regen+} for 165 gold
                  | pieces
  1698 | D:3      | XOM: confusion
  2140 | D:4      | Reached skill level 5 in Axes
  2140 | D:4      | Gained mutation: A weak demonic guardian rushes to your
                  | aid. [demonic ancestry]
  2140 | D:4      | Reached XP level 6. HP: 51/52 MP: 6/6
  2170 | D:4      | Found a staircase to the Ecumenical Temple.
  2300 | D:4      | Reached skill level 1 in Stealth
  2435 | D:4      | XOM: enchant monster (bad)
  2525 | D:4      | Found an iron altar of Okawaru.
  2525 | D:4      | Found a shimmering altar of Xom.
  2614 | D:4      | XOM: god gift: chain mail {god gift}
  2615 | D:4      | Reached skill level 4 in Fighting
  2714 | D:4      | Noticed Duvessa
  2714 | D:4      | Noticed Dowan
  2728 | D:4      | Killed Dowan
  2729 | D:4      | Reached XP level 7. HP: 59/59 MP: 7/7
  2763 | D:4      | Killed Duvessa
  2792 | D:4      | Noticed Menkaure
  2799 | D:4      | Killed Menkaure
  3016 | D:5      | Entered Level 5 of the Dungeon
  3061 | D:5      | Reached skill level 1 in Evocations
  3061 | D:5      | Found an ornate altar of the Wu Jian Council.
  3062 | D:5      | XOM: cleaving
  3066 | D:5      | XOM: summons 5 friendly demons
  3070 | D:5      | Reached XP level 8. HP: 66/66 MP: 8/8
  3109 | D:5      | XOM: god gift: 1127 gold pieces
  3176 | D:5      | Noticed Pikel
  3191 | D:5      | XOM: cleaving
  3201 | D:5      | XOM: give mutations
  3201 | D:5      | Gained mutation: You have large cloven feet. [Xom's grace]
  3201 | D:5      | Gained mutation: You have a pair of small antennae on your
                  | head. [Xom's grace]
  3201 | D:5      | Killed Pikel
  3326 | D:5      | XOM: smoke on damage
  3327 | D:5      | Noticed Grinder
  3341 | D:5      | Killed Grinder
  3526 | D:5      | Gained mutation: A demonic guardian rushes to your aid.
                  | [demonic ancestry]
  3526 | D:5      | Reached XP level 9. HP: 72/72 MP: 9/9
  3793 | D:6      | XOM: potion effect (brilliance)
  3868 | D:6      | Found Vuzasa Har's Assorted Antiques.
  3884 | D:6      | Reached skill level 5 in Armour
  3914 | D:6      | Bought a glass wand for 96 gold pieces
  3914 | D:6      | Bought an orange potion for 21 gold pieces
  3914 | D:6      | Bought an orange potion for 21 gold pieces
  3914 | D:6      | Bought a scroll of identify for 48 gold pieces
  3915 | D:6      | Bought a metallic yellow potion for 21 gold pieces
  3915 | D:6      | Bought a fine robe for 136 gold pieces
  3915 | D:6      | Identified the +2 robe "Pireim" {rN+} (You bought it in a
                  | shop on level 6 of the Dungeon)
  4019 | D:6      | Found Kutrox's Antique Weapon Shop.
  4106 | D:6      | XOM: give mutations
  4106 | D:6      | Gained mutation: You are agile. (Dex +4, Str/Int -1) [Xom's
                  | grace]
  4106 | D:6      | Gained mutation: Your mind is acute. (Int +4, Str/Dex -1)
                  | [Xom's grace]
  4106 | D:6      | Gained mutation: Your natural rate of healing is unusually
                  | fast. [Xom's grace]
  4277 | D:6      | Got Sif Muna's Directory of Pyromania and Congelation
  4295 | D:6      | Found Poimn's Jewellery Emporium.
  4301 | D:6      | Bought a +5 ring of evasion for 468 gold pieces
  4301 | D:6      | Bought the ring of Kiduhuf {Fly SInv} for 373 gold pieces
  4392 | D:6      | Found Velies's Distillery.
  4397 | D:6      | Bought a potion of heal wounds for 60 gold pieces
  4397 | D:6      | Bought a potion of might for 48 gold pieces
  4476 | D:6      | Found Wufuh's Antique Armour Boutique.
  4715 | D:7      | Reached skill level 5 in Fighting
  4718 | D:7      | Found a sparkling altar of Nemelex Xobeh.
  4728 | D:7      | Found a blossoming altar of Fedhas.
  4798 | D:7      | Identified the +6 spear of the Thing {venom, Stlth+}
  4798 | D:7      | Identified the +2 ring mail of the Alphagorgon {Rampage
                  | rF+}
  4802 | D:7      | Noticed CrazyBamboolord's ghost (novice OpTm)
  4811 | D:7      | XOM: polymorph sky beast -> steam dragon
  5050 | D:7      | Noticed an unseen horror
  5057 | D:7      | Killed an unseen horror
  5058 | D:7      | Reached skill level 10 in Axes
  5172 | D:7      | Noticed a troll
  5180 | D:7      | XOM: summons friendly crimson imp
  5183 | D:7      | Killed a troll
  5211 | D:7      | XOM: confuse monster(s)
  5222 | D:7      | XOM: cleaving
  5224 | D:7      | XOM: polymorph crimson imp -> hell rat
  5233 | D:7      | Noticed an unseen horror
  5238 | D:7      | XOM: 1-stop teleportation journey
  5293 | D:7      | Found a sacrificial altar of Ru.
  5496 | D:7      | Gained mutation: You are mostly covered in slimy green
                  | scales. (AC +3) [demonic ancestry]
  5496 | D:7      | Reached XP level 10. HP: 80/82 MP: 10/10
  5498 | D:7      | Found a transporter.
  5503 | D:7      | Found a transporter.
  5504 | D:7      | Noticed Grum
  5577 | D:7      | XOM: divination: detect creatures
  5626 | D:7      | XOM: polymorph black bear -> ice beast
  5636 | D:7      | Reached skill level 6 in Fighting
  5822 | D:7      | XOM: give mutations
  5822 | D:7      | Gained mutation: You possess an exceptional clarity of
                  | mind. [Xom's grace]
  5822 | D:7      | Gained mutation: You have sharp fingernails. [Xom's grace]
  5872 | D:7      | XOM: fog
  6006 | D:8      | Noticed a two-headed ogre
  6007 | D:8      | XOM: summons friendly shadow imp
  6027 | D:8      | Killed a two-headed ogre
  6108 | D:8      | Found a flagged portal.
  6114 | Bailey   | Entered a bailey
  6143 | Bailey   | XOM: scenery: 3 doors close
  6223 | Bailey   | XOM: enchant monster (good)
  6278 | Bailey   | XOM: polymorph orc -> gnoll
  6328 | Bailey   | Noticed an orc knight
  6343 | Bailey   | XOM: summons 4 friendly demons
  6368 | Bailey   | XOM: 8-stop teleportation journey
  6385 | Bailey   | Killed an orc knight
  6386 | Bailey   | Reached skill level 7 in Fighting
  6435 | Bailey   | Gained mutation: A powerful demonic guardian rushes to your
                  | aid. [demonic ancestry]
  6435 | Bailey   | Reached XP level 11. HP: 86/92 MP: 11/11
  6451 | Bailey   | XOM: silly message
  6461 | Bailey   | XOM: smoke on damage
  6512 | Bailey   | XOM: smoke on damage
  6574 | Bailey   | XOM: blink monster(s)
  6606 | Bailey   | Noticed an orc sorcerer
  6663 | Bailey   | Acquired the +0 pair of boots "Opilorgh" {rCorr Int+2 Dex+4
                  | SInv}
  6676 | Bailey   | Acquired the ring of Untruth {rPois rF+ rC++ Str+6 Int-3}
  6714 | Bailey   | Found an iron altar of Okawaru.
  6790 | Bailey   | Killed an orc sorcerer
  6811 | Bailey   | XOM: enchant monster (good)
  7250 | D:8      | XOM: give mutations
  7250 | D:8      | Lost mutation: You have a pair of small antennae on your
                  | head. [Xom's mischief]
  7250 | D:8      | Gained mutation: Your spells are a little easier to cast,
                  | but a little less powerful. [Xom's mischief]
  7250 | D:8      | Lost mutation: Your mind is acute. (Int +4, Str/Dex -1)
                  | [Xom's mischief]
  7250 | D:8      | Gained mutation: You occasionally shout uncontrollably at
                  | your foes. [Xom's mischief]
  7385 | D:8      | XOM: scenery: summon butterflies
  7407 | D:9      | XOM: stealth player
  7413 | D:9      | Found a runed translucent door.
  7413 | D:9      | Noticed Delarado's ghost (novice OpFi)
  7429 | D:9      | Noticed a two-headed ogre
  7430 | D:9      | XOM: cast spell 'Summon Dragon'
  7432 | D:9      | Killed a two-headed ogre
  7439 | D:9      | XOM: give mutations
  7439 | D:9      | Gained mutation: You have a pair of small horns on your
                  | head. [Xom's grace]
  7439 | D:9      | Gained mutation: Your flesh is heat resistant. (rF+) [Xom's
                  | grace]
  7439 | D:9      | Gained mutation: You are very agile. (Dex +8, Str/Int -2)
                  | [Xom's grace]
  7489 | D:9      | Identified the +10 hand axe of the Solstice {freeze,
                  | *Corrode Str+5}
  7636 | D:9      | XOM: god gift: Fen Folio
  7708 | D:9      | XOM: enchant monster (bad)
  7715 | D:9      | XOM: enchant monster (bad)
  7716 | D:9      | Paralysed by a hornet for 2 turns
  7757 | D:9      | Noticed a two-headed ogre
  7758 | D:9      | XOM: cast spell 'Leda's Liquefaction'
  7773 | D:9      | Killed a two-headed ogre
  7819 | D:9      | Noticed Erolcha
  7837 | D:9      | XOM: give mutation
  7837 | D:9      | Gained mutation: You expend magic power (3 MP) to
                  | strengthen your wands. [Xom's grace]
  7841 | D:9      | XOM: scenery: create altars
  7849 | D:10     | Entered Level 10 of the Dungeon
  7855 | D:10     | a killer bee changed into a glowing shapeshifter
  7855 | D:10     | Noticed a glowing shapeshifter (glowing shapeshifter)
  7855 | D:10     | a glowing shapeshifter changed into a dream sheep
  7911 | D:10     | XOM: fog
  7915 | D:10     | XOM: divination: magic mapping
  7921 | D:10     | XOM: cleaving
  7957 | D:10     | XOM: scenery: 1 doors open
  8099 | D:10     | XOM: polymorph hornet -> ogre
  8101 | D:10     | XOM: fake destruction
  8102 | D:10     | XOM: summons 3 hostile demons
  8118 | D:10     | XOM: noise
  8176 | D:10     | XOM: divination: detect items
  8199 | D:10     | Reached skill level 8 in Fighting
  8290 | D:10     | Found a basalt altar of Yredelemnul.
  8462 | D:10     | XOM: god gift: chain mail {god gift}
  8511 | D:11     | Gained mutation: You are completely covered in slimy green
                  | scales. (AC +4, rPois) [demonic ancestry]
  8511 | D:11     | Reached XP level 12. HP: 101/101 MP: 12/12
  8546 | D:11     | Identified the +8 plate armour "Qioche" {rF+ Regen+}
  8553 | D:11     | XOM: potion effect (invisibility)
  8560 | D:11     | XOM: cast spell 'Olgreb's Toxic Radiance'
  8568 | D:11     | Found a staircase to the Orcish Mines.
  8582 | D:11     | XOM: silly message
  8684 | D:11     | XOM: divination: detect creatures
  8690 | D:11     | Noticed Josephine
  8693 | D:11     | XOM: enchant monster (good)
  8696 | D:11     | XOM: confuse monster(s)
  8702 | D:11     | Killed Josephine
  8788 | D:11     | XOM: enchant monster (bad)
  8797 | D:11     | XOM: enchant monster (bad)
  8831 | D:11     | Noticed a boulder beetle
  8879 | D:11     | Killed a boulder beetle
  8880 | D:11     | Reached skill level 1 in Shields
  8880 | D:11     | Reached skill level 5 in Evocations
  8897 | D:11     | XOM: silly message
  8991 | D:11     | XOM: 1-stop teleportation journey
  9011 | D:11     | XOM: give mutations
  9011 | D:11     | Lost mutation: You have a pair of small horns on your head.
                  | [Xom's mischief]
  9011 | D:11     | Gained mutation: You occasionally lose the ability to drink
                  | potions when taking damage. [Xom's mischief]
  9011 | D:11     | Lost mutation: You possess an exceptional clarity of mind.
                  | [Xom's mischief]
  9083 | D:11     | Found a staircase to the Lair.
  9290 | D:11     | Noticed a boulder beetle
  9295 | D:11     | XOM: enchant monster (good)
  9306 | D:11     | a boulder beetle changed into an eight-headed hydra
  9306 | D:11     | Noticed an eight-headed hydra
  9306 | D:11     | XOM: polymorph boulder beetle -> eight-headed hydra
  9308 | D:11     | XOM: summons 2 friendly demons
  9406 | D:11     | XOM: summons friendly crimson imp
  9408 | D:11     | Killed a nine-headed hydra
  9429 | Lair:1   | Entered Level 1 of the Lair of Beasts
  9454 | Lair:1   | XOM: destruction
  9510 | Lair:1   | XOM: summons friendly iron imp
  9648 | Lair:1   | XOM: silly message
  9657 | Lair:1   | XOM: cast spell 'Summon Mana Viper'
  9680 | Lair:1   | Reached skill level 9 in Fighting
  9696 | Lair:1   | Reached skill level 1 in Short Blades
  9699 | Lair:1   | XOM: confuse monster(s)
  9701 | Lair:1   | XOM: summons friendly ufetubus
  9921 | Lair:1   | Found a runed translucent gate.
  9922 | Lair:1   | Found a runed translucent gate.
  9926 | Lair:1   | Found a runed translucent gate.
  9926 | Lair:1   | Noticed Cung's ghost (novice GrBe)
  9959 | Lair:1   | Killed Cung's ghost
 10061 | Lair:1   | XOM: summons 5 friendly demons
 10144 | Lair:1   | XOM: destruction
 10147 | Lair:1   | XOM: god gift: 1095 gold pieces
 10154 | Lair:1   | Reached skill level 10 in Armour
 10285 | D:6      | Bought the necklace of Bloodlust {Fury *Rage Will++ Int-3
                  | Slay+6} for 588 gold pieces
 10285 | D:6      | Found the necklace of Bloodlust {Fury *Rage Will++ Int-3
                  | Slay+6}
 10323 | D:6      | Bought a potion of haste for 120 gold pieces
 10323 | D:6      | Bought 2 potions of cancellation for 192 gold pieces
 10344 | D:6      | XOM: give mutations
 10344 | D:6      | Gained mutation: You possess an exceptional clarity of
                  | mind. [Xom's grace]
 10344 | D:6      | Gained mutation: Your muscles are strong. (Str +4, Int/Dex
                  | -1) [Xom's grace]
 10416 | D:7      | Killed Grum
 10432 | D:7      | Killed CrazyBamboolord's ghost
 10440 | D:7      | XOM: god gift: 17 gold pieces
 10464 | D:7      | Reached XP level 13. HP: 111/111 MP: 13/13
 10497 | D:7      | Identified the ring "Nani" {Fly rC++ MP+9 Int+3}
 10701 | D:9      | Killed Erolcha
 10857 | D:9      | XOM: cleaving
 10869 | D:9      | Killed Delarado's ghost
 10877 | D:9      | Got the Elucidation of Tephra
 10922 | D:11     | XOM: god gift: purple potion {god gift}
 10966 | Lair:1   | XOM: stat loss: -1 Int (10/11)
 11149 | Lair:1   | XOM: summons 7 hostile demons
 11236 | Lair:1   | XOM: noise
 11315 | Lair:2   | Noticed Maggie
 11316 | Lair:2   | XOM: torment (57/112 hp)
 11362 | Lair:2   | Killed Maggie
 11401 | Lair:2   | Found a gate leading to a gauntlet.
 11415 | Gauntlet | Entered a Gauntlet
 11415 | Gauntlet | Found a transporter.
 11418 | Gauntlet | Found a transporter.
 11420 | Gauntlet | Found a transporter.
 11435 | Gauntlet | Found a transporter.
 11437 | Gauntlet | Found a transporter.
 11448 | Gauntlet | Found a transporter.
 11464 | Gauntlet | Found a transporter.
 11473 | Gauntlet | Found the +8 Vampire's Tooth {megavamp}
 11474 | Gauntlet | Found a transporter.
 11479 | Gauntlet | Found a transporter.
 11482 | Gauntlet | Found a transporter.
 11488 | Gauntlet | Found a transporter.
 11489 | Gauntlet | Found a transporter.
 11519 | Gauntlet | Found the macabre finger necklace {Finger+ rN+}
 11520 | Gauntlet | Found a transporter.
 11537 | Gauntlet | Found a transporter.
 11586 | Gauntlet | XOM: scenery: summon butterflies
 11639 | Gauntlet | XOM: give mutations
 11639 | Gauntlet | Gained mutation: You heal very quickly. [Xom's grace]
 11639 | Gauntlet | Gained mutation: You have hidden genetic potential. [Xom's
                  | grace]
 11639 | Gauntlet | Gained mutation: Your muscles are very strong. (Str +8,
                  | Int/Dex -2) [Xom's grace]
 11653 | Gauntlet | Identified the +11 broad axe of the Enemy {holy, +Blink
                  | Will+ Str+7 Int-2}
 11672 | Gauntlet | XOM: enchant monster (good)
 11688 | Gauntlet | XOM: confuse monster(s)
 11693 | Gauntlet | Reached skill level 10 in Fighting
 11721 | Gauntlet | Noticed a minotaur
 11734 | Gauntlet | Killed a minotaur
 11737 | Gauntlet | Identified the amulet of Haeshroa {Faith Str+3 SInv}
 11867 | Lair:2   | XOM: cast spell 'Call Canine Familiar'
 11879 | Lair:2   | Reached skill level 5 in Shields
 11987 | Lair:2   | XOM: god gift: runed helmet {god gift}
 12139 | Lair:2   | XOM: stat loss: -1 Str (26/27)
 12195 | Lair:2   | XOM: noise
 12573 | Lair:3   | XOM: summons 1 hostile shadow creature
 12592 | Lair:3   | XOM: enchant monster (bad)
 12602 | Lair:3   | XOM: cast spell 'Statue Form'
 12665 | Lair:3   | XOM: polymorph blink frog -> sky beast
 12671 | Lair:3   | Reached skill level 1 in Maces & Flails
 12680 | Lair:3   | Found a staircase to the Snake Pit.
 12735 | Lair:3   | Found a staircase to the Shoals.
 12759 | Lair:3   | XOM: swap monsters
 12760 | Lair:3   | XOM: divination: detect items
 13129 | Lair:3   | XOM: scenery: summon butterflies
 13177 | Lair:4   | XOM: cast spell 'Summon Mana Viper'
 13196 | Lair:4   | XOM: polymorph yak -> black bear
 13199 | Lair:4   | Reached skill level 11 in Fighting
 13227 | Lair:4   | Found a staircase to the Slime Pits.
 13266 | Lair:4   | XOM: noise
 13305 | Lair:4   | XOM: enchant monster (good)
 13320 | Lair:4   | XOM: cloud trail
 13602 | Lair:4   | XOM: confuse monster(s)
 13604 | Lair:4   | Reached XP level 14. HP: 124/124 MP: 14/14
 13676 | Lair:4   | XOM: give mutation
 13676 | Lair:4   | Gained mutation: You have very sharp fingernails. [Xom's
                  | grace]
 13790 | Lair:5   | Entered Level 5 of the Lair of Beasts
 13910 | Lair:5   | XOM: enchant monster (bad)
 13920 | Lair:5   | XOM: cast spell 'Call Canine Familiar'
 13932 | Lair:5   | XOM: potion effect (might)
 14080 | Lair:5   | XOM: chaos cloud
 14101 | Lair:5   | Gained mutation: You are strong-willed. (Will+) [hidden
                  | potential]
 14220 | Lair:5   | XOM: cast spell 'Summon Dragon'
 14775 | Lair:5   | XOM: divination: detect items
 14785 | Lair:5   | XOM: cast spell 'Summon Hydra'
 14791 | Lair:5   | XOM: confuse monster(s)
 14806 | Lair:5   | XOM: divination: detect creatures
 14844 | Lair:5   | XOM: enchant monster (good)
 14849 | Lair:5   | XOM: noise
 14854 | Lair:5   | XOM: summons friendly shadow imp
 14857 | Lair:5   | XOM: potion effect (brilliance)
 15066 | Lair:5   | XOM: enchant monster (good)
 15079 | Lair:5   | Reached skill level 12 in Fighting
 15086 | Lair:5   | Identified the +5 short sword of Waskag {holy, Int+4}
 15088 | Lair:5   | XOM: scenery: create altars
 15092 | Lair:5   | Identified the +7 chain mail of the Locust {Int+2}
 15111 | Lair:5   | XOM: divination: detect items
 15175 | Lair:4   | XOM: give mutations
 15175 | Lair:4   | Lost mutation: You are strong-willed. (Will+) [Xom's
                  | mischief]
 15175 | Lair:4   | Lost mutation: You heal very quickly. [Xom's mischief]
 15175 | Lair:4   | Lost mutation: You occasionally lose the ability to drink
                  | potions when taking damage. [Xom's mischief]
 15175 | Lair:4   | Lost mutation: You are robust. (+10% HP) [Xom's mischief]
 15272 | D:12     | XOM: polymorph manticore -> anaconda
 15276 | D:12     | XOM: chaos cloud
 15278 | D:12     | XOM: swap monsters
 15281 | D:12     | XOM: cleaving
 15423 | D:12     | Noticed Nessos
 15428 | D:12     | XOM: god gift: pair of runed gloves {god gift}
 15432 | D:12     | XOM: swap monsters
 15437 | D:12     | Killed Nessos
 15458 | D:12     | Found a runed translucent door.
 15461 | D:12     | Noticed Biuhuska's ghost (journeyman DsWn)
 15466 | D:12     | XOM: summons friendly white imp
 15491 | D:12     | Killed Biuhuska's ghost
 15659 | D:6      | XOM: cloud trail
 15696 | D:7      | XOM: god gift: 37 gold pieces
 15806 | D:12     | XOM: summons 14 friendly demons
 15855 | D:12     | XOM: summons friendly iron imp
 16118 | D:12     | XOM: give mutations
 16118 | D:12     | Lost mutation: You have large cloven feet. [Xom's mischief]
 16118 | D:12     | Lost mutation: You possess an exceptional clarity of mind.
                  | [Xom's mischief]
 16118 | D:12     | Lost mutation: You have hidden genetic potential. [Xom's
                  | mischief]
 16292 | D:13     | XOM: god gift: 6 stones
 16330 | D:13     | XOM: 3-stop teleportation journey
 16352 | D:13     | XOM: 4-stop teleportation journey
 16368 | D:13     | XOM: confusion
 16471 | D:13     | XOM: potion effect (berserk rage)
 16477 | D:13     | XOM: fake destruction
 16491 | D:13     | XOM: enchant monster (good)
 16629 | D:13     | XOM: summons 4 friendly demons
 16703 | D:13     | XOM: divination: detect creatures
 16781 | D:13     | XOM: summons 3 friendly demons
 16830 | D:13     | Lost mutation: You have very sharp fingernails. [demonic
                  | ancestry]
 16830 | D:13     | Lost mutation: You have sharp fingernails. [demonic
                  | ancestry]
 16830 | D:13     | Gained mutation: Your touch may inflict minor irresistible
                  | damage on your foes. [demonic ancestry]
 16830 | D:13     | Reached XP level 15. HP: 122/122 MP: 15/15
 16838 | D:13     | Found a gate to the Vaults.
 16890 | D:13     | You fall into a shaft and drop 1 floor!
 16921 | D:14     | XOM: cloud trail
 17051 | D:14     | XOM: cast spell 'Summon Ice Beast'
 17053 | D:14     | XOM: scenery: summon butterflies
 17059 | D:14     | XOM: confusion (+ monsters)
 17091 | D:14     | XOM: polymorph tengu warrior -> merfolk
 17209 | D:14     | XOM: swap monsters
 17269 | D:14     | XOM: god gift: 56 gold pieces
 17387 | D:14     | XOM: summons 9 friendly demons
 17398 | D:14     | Identified the +8 falchion of the Insatiable Mouths
                  | {freeze, rF+ Str+4}
 17726 | D:14     | XOM: give mutations
 17726 | D:14     | Lost mutation: Your spells are a little easier to cast, but
                  | a little less powerful. [Xom's mischief]
 17726 | D:14     | Lost mutation: You are very agile. (Dex +8, Str/Int -2)
                  | [Xom's mischief]
 18096 | Orc:1    | Entered Level 1 of the Orcish Mines
 18106 | Orc:1    | Found a frozen archway.
 18167 | IceCv    | Entered an ice cave
 18181 | IceCv    | Reached skill level 10 in Shields
 18185 | IceCv    | Reached skill level 10 in Evocations
 18232 | IceCv    | XOM: fog
 18254 | IceCv    | XOM: silly message
 18268 | IceCv    | XOM: enchant monster (bad)
 18323 | IceCv    | Identified the +0 dagger of the Big Bang {venom, rC+ MP+9}
 18330 | IceCv    | Identified the +11 broad axe "Daduqi" {freeze, rN+ MP+9
                  | Dex-5 Stlth+}
 18422 | Orc:1    | Found Xoehap's Antique Weapon Shop.
 18624 | Orc:2    | Entered Level 2 of the Orcish Mines
 18683 | Orc:2    | Found Viletug's Antique Weapon Shoppe.
 18693 | Orc:2    | Bought a glowing broad axe for 238 gold pieces
 18858 | Orc:2    | XOM: summons friendly ufetubus
 18863 | Orc:2    | XOM: cleaving
 18868 | Orc:2    | XOM: destruction
 19002 | Orc:2    | XOM: give mutations
 19002 | Orc:2    | Lost mutation: Your muscles are very strong. (Str +8,
                  | Int/Dex -2) [Xom's mischief]
 19002 | Orc:2    | Gained mutation: Your body sometimes deteriorates upon
                  | taking damage. [Xom's mischief]
 19002 | Orc:2    | Lost mutation: Your flesh is heat resistant. (rF+) [Xom's
                  | mischief]
 19030 | Orc:2    | Found Muwuc's Magic Scroll Boutique.
 19038 | Orc:2    | Bought a scroll of acquirement for 676 gold pieces
 19038 | Orc:2    | Acquired 1099 gold pieces
 19040 | Orc:2    | Acquired 790 gold pieces
 19149 | Orc:2    | XOM: divination: detect items
 19165 | Orc:2    | Found Qyfenoum's Armour Shoppe.
 19170 | Orc:2    | Found Ylumips's Book Shop.
 19175 | Orc:2    | XOM: cast spell 'Leda's Liquefaction'
 19222 | Orc:2    | Found a staircase to the Elven Halls.
 19275 | Orc:2    | Found Byuss's Assorted Antiques.
 19275 | Orc:2    | Found Neud's Book Shoppe.
 19291 | Orc:2    | XOM: divination: magic mapping
 19311 | Orc:2    | Reached skill level 13 in Fighting
 19344 | Orc:2    | XOM: confuse monster(s)
 19353 | Orc:2    | XOM: enchant monster (good)
 19355 | Orc:2    | XOM: scenery: 1 doors open
 19382 | Orc:2    | Found Iclaheuk's General Store.
 19383 | Orc:2    | Found Qegaxes's Book Shop.
 19400 | Orc:2    | Bought a potion of degeneration for 16 gold pieces
 19559 | Orc:2    | Bought a runed war axe for 221 gold pieces
 19603 | Orc:2    | Bought a scroll of fear for 52 gold pieces
 19603 | Orc:2    | Bought a scroll of identify for 26 gold pieces
 19603 | Orc:2    | Bought a scroll of identify for 26 gold pieces
 19603 | Orc:2    | Bought a scroll of enchant weapon for 97 gold pieces
 19603 | Orc:2    | Bought a scroll of blinking for 97 gold pieces
 19681 | Elf:1    | Entered Level 1 of the Elven Halls
 19696 | Elf:1    | XOM: summons friendly rust devil
 19788 | Elf:1    | XOM: stat loss: -1 Int (11/12)
 19862 | Elf:1    | XOM: give mutations
 19862 | Elf:1    | Gained mutation: You are dopey. (Int -2) [Xom's mischief]
 19862 | Elf:1    | Lost mutation: Your muscles are strong. (Str +4, Int/Dex
                  | -1) [Xom's mischief]
 19896 | Elf:1    | XOM: silly message
 19897 | Elf:1    | XOM: noise
 19908 | Elf:1    | Paralysed by an air elemental for 1 turns
 19911 | Elf:1    | XOM: 1-stop teleportation journey
 19914 | Elf:1    | XOM: 3-stop teleportation journey
 19917 | Elf:1    | XOM: enchant monster (good)
 19927 | Elf:1    | XOM: divination: detect creatures
 19984 | Elf:1    | XOM: confusion (+ monsters)
 19985 | Elf:1    | XOM: cleaving
 19988 | Elf:1    | XOM: scenery: 2 doors close
 19989 | Elf:1    | XOM: cleaving
 19993 | Elf:1    | Paralysed by an air elemental for 1 turns
 20027 | Elf:1    | XOM: scenery: 2 doors open
 20040 | Elf:1    | XOM: enchant monster (bad)
 20102 | Elf:1    | XOM: give mutations
 20102 | Elf:1    | Lost mutation: You are dopey. (Int -2) [Xom's mischief]
 20102 | Elf:1    | Gained mutation: You occasionally lose the ability to read
                  | scrolls when taking damage. [Xom's mischief]
 20102 | Elf:1    | Gained mutation: You are covered in fur. (AC +1) [Xom's
                  | mischief]
 20185 | Elf:1    | Reached skill level 15 in Axes
 20193 | Elf:1    | XOM: blink monster(s)
 20210 | Elf:1    | XOM: summons 3 hostile demons
 20212 | Elf:1    | XOM: silly message
 20218 | Elf:1    | Noticed a deep elf sorcerer
 20224 | Elf:1    | XOM: confuse monster(s)
 20226 | Elf:1    | Killed a deep elf sorcerer
 20227 | Elf:1    | Reached XP level 16. HP: 37/131 MP: 16/16
 20320 | Elf:1    | XOM: scenery: 1 doors close
 20323 | Elf:1    | XOM: noise
 20327 | Elf:1    | XOM: summons friendly iron imp
 20343 | Elf:1    | XOM: smoke on damage
 20404 | Elf:1    | XOM: fog
 20405 | Elf:1    | XOM: god gift: 64 gold pieces
 20524 | Elf:1    | XOM: summons 1 hostile demon
 20543 | Elf:1    | XOM: polymorph hell beast -> ynoxinul
 20623 | Elf:1    | XOM: stat loss: -1 Dex (21/22)
 20628 | Elf:1    | XOM: give mutations
 20628 | Elf:1    | Lost mutation: You are covered in fur. (AC +1) [Xom's
                  | mischief]
 20628 | Elf:1    | Lost mutation: You expend magic power (3 MP) to strengthen
                  | your wands. [Xom's mischief]
 20696 | Elf:1    | XOM: butterfly on damage
 21043 | Elf:1    | XOM: potion effect (brilliance)
 21051 | Elf:1    | XOM: potion effect (invisibility)
 21074 | Elf:1    | XOM: smoke on damage
 21083 | Elf:1    | XOM: silly message
 21134 | Elf:2    | XOM: potion effect (haste)
 21215 | Elf:2    | XOM: silly message
 21328 | Elf:2    | Reached skill level 14 in Fighting
 21344 | Elf:2    | XOM: cast spell 'Cause Fear'
 21366 | Elf:2    | XOM: divination: detect items
 21374 | Elf:2    | Paralysed by an air elemental for 1 turns
 21380 | Elf:2    | XOM: polymorph deep elf pyromancer -> dream sheep
 21447 | Elf:2    | Got the Folio of Companions
 21675 | Elf:2    | Found a runed translucent gate.
 21675 | Elf:2    | Found a runed translucent gate.
 21676 | Elf:2    | Found a runed translucent gate.
 21761 | Elf:2    | XOM: 8-stop teleportation journey
 21771 | Elf:2    | XOM: swap monsters
 21777 | Elf:2    | XOM: confusion
 21778 | Elf:2    | XOM: torment (51/133 hp)
 21841 | Orc:2    | XOM: give mutation
 21841 | Orc:2    | Gained mutation: You passively map a small area around you.
                  | [Xom's mischief]
 21843 | Orc:2    | XOM: summons 4 hostile demons
 21989 | Shoals:1 | Entered Level 1 of the Shoals
 22219 | Shoals:1 | XOM: summons 5 hostile demons
 22248 | Shoals:1 | XOM: summons friendly quasit
 22305 | Shoals:1 | Reached skill level 1 in Throwing
 22519 | Shoals:1 | XOM: summons 3 hostile shadow creatures
 22537 | Shoals:1 | Noticed Louise
 22565 | Shoals:1 | XOM: enchant monster (bad)
 22574 | Shoals:1 | Killed Louise
 22709 | Shoals:1 | XOM: enchant monster (good)
 22799 | Shoals:1 | Found Keoc's Visitors' Centre.
 22812 | Shoals:1 | XOM: confuse monster(s)
 22820 | Shoals:1 | Found a detected shop or portal.
 22821 | Shoals:1 | XOM: confuse monster(s)
 22822 | Shoals:1 | Found Keoc's Merfolk Magic.
 23162 | Orc:1    | XOM: give mutation
 23162 | Orc:1    | Gained mutation: You occasionally lose the ability to drink
                  | potions when taking damage. [Xom's mischief]
 23345 | Shoals:2 | XOM: smoke on damage
 23354 | Shoals:2 | XOM: smoke on damage
 23434 | Shoals:2 | XOM: summons 2 friendly demons
 23473 | Shoals:2 | Reached skill level 5 in Throwing
 23492 | Shoals:2 | XOM: summons friendly ufetubus
 23508 | Shoals:2 | Gained mutation: Your magical and physical power is
                  | slightly enhanced at high health. [demonic ancestry]
 23508 | Shoals:2 | Reached XP level 17. HP: 139/139 MP: 17/17
 23564 | Shoals:2 | XOM: enchant monster (good)
 23597 | Shoals:2 | Noticed a kraken
 23621 | Shoals:2 | Killed a kraken
 23910 | Shoals:2 | Found Ficazeta's Book Boutique.
 24019 | Shoals:2 | Identified the +1 leather armour of Lilacs {Harm}
 24063 | Shoals:2 | XOM: god gift: scroll of silence
 24271 | Shoals:3 | XOM: blink monster(s)
 24354 | Shoals:3 | Found a transporter.
 24355 | Shoals:3 | Found a transporter.
 24358 | Shoals:3 | Found a transporter.
 24362 | Shoals:3 | Found a transporter.
 24375 | Shoals:3 | XOM: summons 3 friendly demons
 24378 | Shoals:3 | XOM: 1-stop teleportation journey
 24383 | Shoals:3 | XOM: give mutation
 24383 | Shoals:3 | Lost mutation: You are agile. (Dex +4, Str/Int -1) [Xom's
                  | mischief]
 24533 | Shoals:3 | Reached skill level 10 in Throwing
 24604 | Shoals:3 | XOM: enchant monster (bad)
 24613 | Shoals:3 | XOM: blink monster(s)
 24695 | Shoals:3 | Found a transporter.
 24698 | Shoals:3 | Found a transporter.
 24716 | Shoals:3 | XOM: chaos upgrade
 25229 | Shoals:4 | Entered Level 4 of the Shoals
 25251 | Shoals:4 | Identified the ring "Talow" {Contam rElec MP+9 Str+3 Int+3}
 25316 | Shoals:4 | XOM: repel stairs
 25353 | Shoals:4 | XOM: torment (78/139 hp)
 25378 | Shoals:4 | XOM: confusion (+ monsters)
 25396 | Shoals:4 | XOM: noise
 25410 | Shoals:4 | XOM: divine lightning
 25412 | Shoals:4 | XOM: summons 7 friendly demons
 25482 | Shoals:4 | XOM: confuse monster(s)
 25496 | Shoals:4 | XOM: god gift: chain mail {god gift}
 25599 | Shoals:4 | XOM: summons friendly white imp
 25629 | Shoals:4 | XOM: polymorph death yak -> eight-headed hydra
 25647 | Shoals:4 | XOM: confuse monster(s)
 25682 | Shoals:4 | Noticed Polyphemus
 25682 | Shoals:4 | XOM: 8-stop teleportation journey
 25697 | Shoals:4 | XOM: polymorph sea snake -> glowing orange brain
 25698 | Shoals:4 | XOM: stat loss: -1 Int (15/18)
 25714 | Shoals:4 | XOM: summons 8 friendly demons
 25724 | Shoals:4 | XOM: destruction
 25755 | Shoals:4 | XOM: stat loss: -1 Str (25/26)
 25757 | Shoals:4 | XOM: enchant monster (bad)
 25766 | Shoals:4 | XOM: swap monsters
 25806 | Shoals:4 | XOM: confusion
 25840 | Shoals:4 | XOM: enchant monster (good)
 25845 | Shoals:4 | XOM: scenery: create altars
 25849 | Shoals:4 | XOM: enchant monster (bad)
 25851 | Shoals:4 | Killed Polyphemus
 25890 | Shoals:4 | XOM: enchant monster (bad)
 25893 | Shoals:4 | XOM: divination: magic mapping
 25926 | Shoals:4 | XOM: summons 4 hostile shadow creatures
 25930 | Shoals:4 | XOM: scenery: summon butterflies
 25980 | Shoals:4 | XOM: swap monsters
 25984 | Shoals:4 | Got a barnacled rune of Zot
 26035 | Shoals:4 | Identified the +1 plate armour of Forking Paths {rN++}
 26039 | Shoals:4 | Identified the +3 plate armour of Ru, Grinning {rN+ Regen+
                  | Int+3}
 26081 | Shoals:4 | XOM: summons friendly iron imp
 26125 | Shoals:4 | XOM: enchant monster (good)
 26129 | Shoals:4 | XOM: potion effect (experience)
 26129 | Shoals:4 | Gained mutation: Your touch may inflict irresistible damage
                  | on your foes. [demonic ancestry]
 26129 | Shoals:4 | Reached XP level 18. HP: 146/146 MP: 18/18
 26216 | Shoals:4 | Identified the +3 mace "Pem Ikh" {heavy, *Noise rF+ rN++
                  | Dex+2}
 26325 | Shoals:4 | XOM: smoke on damage
 26425 | Shoals:4 | XOM: divination: detect creatures
 26776 | Snake:1  | Entered Level 1 of the Snake Pit
 26791 | Snake:1  | XOM: silly message
 26808 | Snake:1  | XOM: silly message
 26878 | Snake:1  | XOM: silly message
 26990 | Snake:1  | XOM: potion effect (brilliance)
 27126 | Snake:1  | Acquired the +0 hat of the Poles {Will++ Int+4}
 27223 | Snake:1  | XOM: divination: detect items
 27333 | Snake:1  | Found Racw's Antique Weapon Boutique.
 27334 | Snake:1  | Lost mutation: You passively map a small area around you.
                  | [potion of mutation]
 27334 | Snake:1  | Lost mutation: You occasionally shout uncontrollably at
                  | your foes. [potion of mutation]
 27334 | Snake:1  | Lost mutation: You occasionally lose the ability to drink
                  | potions when taking damage. [potion of mutation]
 27334 | Snake:1  | Gained mutation: You are somewhat resistant to further
                  | mutation. [potion of mutation]
 27334 | Snake:1  | Gained mutation: You are agile. (Dex +4, Str/Int -1)
                  | [potion of mutation]
 27354 | Snake:1  | Gained mutation: Your touch may irresistibly damage your
                  | foes and sap their willpower. [demonic ancestry]
 27354 | Snake:1  | Reached XP level 19. HP: 152/152 MP: 19/19
 27369 | Snake:1  | XOM: summons friendly quasit
 27413 | Snake:1  | XOM: enchant monster (good)
 27688 | Snake:1  | XOM: summons 2 hostile shadow creatures
 27790 | Snake:1  | XOM: give mutation
 27790 | Snake:1  | Gained mutation: You have supernaturally acute eyesight.
                  | (SInv) [Xom's mischief]
 27890 | Snake:2  | XOM: enchant monster (bad)
 27969 | Snake:2  | Noticed Aizul
 27976 | Snake:2  | Killed Aizul
 28100 | Snake:2  | Identified the +10 dagger of Defilement {heavy, Str+4
                  | Dex-2}
 28122 | Snake:2  | XOM: swap monsters
 28124 | Snake:2  | XOM: chaos cloud
 28238 | Snake:2  | XOM: 1-stop teleportation journey
 28240 | Snake:2  | XOM: noise
 28247 | Snake:2  | XOM: summons friendly ufetubus
 28270 | Snake:2  | XOM: give mutations
 28270 | Snake:2  | Lost mutation: You are somewhat resistant to further
                  | mutation. [Xom's grace]
 28270 | Snake:2  | Gained mutation: You have hidden genetic potential. [Xom's
                  | grace]
 28270 | Snake:2  | Gained mutation: Your mind is acute. (Int +4, Str/Dex -1)
                  | [Xom's grace]
 28292 | Snake:2  | XOM: enchant monster (good)
 28347 | Snake:2  | Found Peosam's Jewellery Shoppe.
 28347 | Snake:2  | Found Piantaimm's Book Boutique.
 28348 | Snake:2  | Found Luugi's Jewellery Shoppe.
 28593 | Snake:2  | XOM: god gift: potion of heal wounds
 28662 | Snake:2  | Identified Roxanne's Essays on the Gestalt
 28662 | Snake:2  | Noticed Roxanne
 28676 | Snake:2  | XOM: summons friendly quasit
 28997 | Snake:2  | Killed Roxanne
 29059 | Snake:3  | Noticed Saint Roka
 29095 | Snake:3  | XOM: 1-stop teleportation journey
 29148 | Snake:3  | Killed Saint Roka
 29212 | Snake:3  | XOM: summons 13 friendly demons
 29399 | Snake:3  | XOM: give mutations
 29399 | Snake:3  | Lost mutation: Your body sometimes deteriorates upon taking
                  | damage. [Xom's mischief]
 29399 | Snake:3  | Gained mutation: You are weak. (Str -2) [Xom's mischief]
 29399 | Snake:3  | Gained mutation: You have a pair of small horns on your
                  | head. [Xom's mischief]
 29399 | Snake:3  | Lost mutation: You are agile. (Dex +4, Str/Int -1) [Xom's
                  | mischief]
 29454 | Snake:3  | XOM: destruction
 29459 | Snake:3  | XOM: confuse monster(s)
 29473 | Snake:3  | XOM: 9-stop teleportation journey
 29528 | Snake:3  | XOM: cleaving
 29728 | Snake:3  | XOM: give mutations
 29728 | Snake:3  | Gained mutation: You expend magic power (3 MP) to
                  | strengthen your wands. [Xom's mischief]
 29728 | Snake:3  | Lost mutation: You expend magic power (3 MP) to strengthen
                  | your wands. [Xom's mischief]
 29728 | Snake:3  | Lost mutation: Your natural rate of healing is unusually
                  | fast. [Xom's mischief]
 29749 | Snake:3  | XOM: divination: detect items
 29841 | Snake:4  | Entered Level 4 of the Snake Pit
 29851 | Snake:4  | XOM: potion effect (curing)
 29865 | Snake:4  | XOM: divination: detect items
 29870 | Snake:4  | XOM: chaos cloud
 29871 | Snake:4  | XOM: blink monster(s)
 30070 | Snake:4  | XOM: stat loss: -1 Dex (11/12)
 30125 | Snake:4  | Got a serpentine rune of Zot
 30325 | Snake:4  | Found a basalt altar of Yredelemnul.
 30325 | Snake:4  | Found Teotiavu's Antique Armour Shoppe.
 30325 | Snake:4  | XOM: 3-stop teleportation journey
 30330 | Snake:4  | XOM: potion effect (brilliance)
 30404 | Snake:4  | XOM: divination: magic mapping
 30488 | Snake:4  | XOM: noise
 30594 | Snake:4  | XOM: polymorph salamander mystic -> wolf spider
 30643 | Snake:4  | XOM: polymorph naga mage -> fire crab
 30730 | Snake:4  | XOM: enchant monster (good)
 30736 | Snake:4  | Reached skill level 15 in Throwing
 30738 | Snake:4  | XOM: give mutations
 30738 | Snake:4  | Lost mutation: You have a pair of small horns on your head.
                  | [Xom's mischief]
 30738 | Snake:4  | Gained mutation: Your flesh is heat resistant. (rF+) [Xom's
                  | mischief]
 30829 | Snake:4  | XOM: potion effect (heal wounds)
 30906 | Snake:4  | XOM: enchant monster (bad)
 31293 | Vaults:1 | Entered Level 1 of the Vaults
 31293 | Vaults:1 | Found Xeatai's Distillery.
 31297 | Vaults:1 | Bought a potion of heal wounds for 70 gold pieces
 31297 | Vaults:1 | Bought a potion of invisibility for 112 gold pieces
 31297 | Vaults:1 | Bought a potion of might for 56 gold pieces
 31297 | Vaults:1 | Bought a potion of curing for 42 gold pieces
 31315 | Vaults:1 | XOM: enchant monster (bad)
 31366 | Vaults:1 | Reached XP level 20. HP: 156/159 MP: 20/20
 31376 | Vaults:1 | XOM: noise
 31405 | Vaults:1 | XOM: divination: detect creatures
 31500 | Vaults:1 | Identified the -1 pair of gloves of Anaesthesia {Will+++
                  | Int+4 Dex-2 Stlth+}
 31500 | Vaults:1 | Noticed Nikola
 31504 | Vaults:1 | XOM: potion effect (berserk rage)
 31510 | Vaults:1 | XOM: enchant monster (good)
 31515 | Vaults:1 | Killed Nikola
 31838 | Vaults:1 | XOM: noise
 31846 | Vaults:1 | Gained mutation: A frigid envelope surrounds you and
                  | freezes all who hurt you. [hidden potential]
 31848 | Vaults:1 | XOM: polymorph ironbound convoker -> redback
 32144 | Vaults:1 | XOM: cast spell 'Summon Hydra'
 32276 | Vaults:1 | XOM: god gift: 51 gold pieces
 32342 | Vaults:1 | XOM: noise
 32349 | Vaults:1 | XOM: confuse monster(s)
 32357 | Vaults:1 | XOM: blink monster(s)
 32532 | Vaults:1 | XOM: polymorph yaktaur -> black mamba
 32540 | Vaults:1 | Reached skill level 15 in Evocations
 32571 | Vaults:1 | XOM: divination: magic mapping
 32788 | Vaults:1 | XOM: enchant monster (good)
 32953 | Vaults:1 | XOM: scenery: 2 doors close
 33162 | Vaults:2 | XOM: divine lightning
 33217 | Vaults:2 | XOM: summons 7 friendly demons
 33415 | Vaults:2 | XOM: give mutations
 33415 | Vaults:2 | Gained mutation: You possess an exceptional clarity of
                  | mind. [Xom's grace]
 33415 | Vaults:2 | Gained mutation: Your system is resistant to poisons.
                  | (rPois) [Xom's grace]
 33415 | Vaults:2 | Gained mutation: You have a pair of small antennae on your
                  | head. [Xom's grace]
 33601 | Vaults:2 | XOM: give mutation
 33601 | Vaults:2 | Lost mutation: You have a pair of small antennae on your
                  | head. [Xom's mischief]
 33607 | Vaults:2 | Identified the +7 war axe of Prudence {speed, Str-5 Dex+2
                  | SInv}
 33746 | Vaults:2 | XOM: give mutations
 33746 | Vaults:2 | Lost mutation: A frigid envelope surrounds you and freezes
                  | all who hurt you. [Xom's mischief]
 33746 | Vaults:2 | Gained mutation: You occasionally shout uncontrollably at
                  | your foes. [Xom's mischief]
 33746 | Vaults:2 | Lost mutation: Your system is resistant to poisons. (rPois)
                  | [Xom's mischief]
 33778 | Vaults:2 | XOM: noise
 33781 | Vaults:2 | XOM: stat loss: -1 Str (22/23)
 34028 | Vaults:2 | XOM: summons 4 friendly demons
 34052 | Vaults:2 | XOM: divination: detect creatures
 34056 | Vaults:2 | XOM: potion effect (invisibility)
 34269 | Vaults:2 | Found a staircase to the Crypt.
 34521 | Vaults:3 | XOM: divination: detect items
 34560 | Vaults:3 | XOM: noise
 34578 | Vaults:3 | XOM: god gift: scroll of summoning
 34684 | Vaults:3 | Noticed Jory
 34686 | Vaults:3 | XOM: divination: magic mapping
 34695 | Vaults:3 | Killed Jory
 34739 | Vaults:3 | XOM: cloud trail
 34790 | Vaults:3 | XOM: potion effect (might)
 34838 | Vaults:3 | Noticed Mara
 34839 | Vaults:3 | Noticed atomjack's illusion
 34848 | Vaults:3 | XOM: summons 4 friendly demons
 34851 | Vaults:3 | XOM: divination: detect creatures
 34856 | Vaults:3 | XOM: confuse monster(s)
 34866 | Vaults:3 | Killed Mara
 35007 | Vaults:3 | XOM: god gift: 7 stones
 35186 | Vaults:3 | Gained mutation: Your magical and physical power is
                  | enhanced at high health. [demonic ancestry]
 35186 | Vaults:3 | Reached XP level 21. HP: 77/167 MP: 21/21
 35190 | Vaults:3 | Reached skill level 15 in Fighting
 35598 | Vaults:3 | XOM: confuse monster(s)
 35618 | Vaults:3 | Gained mutation: You have a somewhat thin skeletal
                  | structure. (Dex +2, Stealth+) [hidden potential]
 35618 | Vaults:3 | Lost mutation: You have hidden genetic potential. [hidden
                  | potential expressed]
 35803 | Vaults:3 | XOM: blink monster(s)
 36023 | Vaults:3 | XOM: potion effect (haste)
 36290 | Vaults:4 | Reached skill level 16 in Fighting
 36313 | Vaults:4 | XOM: cast spell 'Metabolic Englaciation'
 36541 | Vaults:4 | XOM: potion effect (haste)
 36553 | Vaults:4 | XOM: confuse monster(s)
 36571 | Vaults:4 | Reached skill level 15 in Armour
 36743 | Vaults:4 | XOM: give mutations
 36743 | Vaults:4 | Gained mutation: You have large cloven feet. [Xom's grace]
 36743 | Vaults:4 | Lost mutation: You are weak. (Str -2) [Xom's grace]
 36804 | Vaults:4 | XOM: polymorph vault warden -> stone giant
 36808 | Vaults:4 | XOM: butterfly on damage
 36980 | Vaults:4 | XOM: polymorph vault guard -> bunyip
 37058 | Vaults:4 | XOM: summons friendly ufetubus
 37266 | Vaults:4 | Reached skill level 17 in Fighting
 37313 | Vaults:4 | XOM: polymorph ironbound preserver -> ironbound preserver
 37322 | Vaults:4 | XOM: give mutations
 37322 | Vaults:4 | Gained mutation: You passively map a small area around you.
                  | [Xom's grace]
 37322 | Vaults:4 | Gained mutation: You have hoof-like feet. [Xom's grace]
 37322 | Vaults:4 | Gained mutation: Your flesh is cold resistant. (rC+) [Xom's
                  | grace]
 37322 | Vaults:4 | Gained mutation: You passively dampen the noise of your
                  | surroundings. [Xom's grace]
 37555 | Vaults:4 | XOM: scenery: 3 doors close
 37745 | D:15     | Entered Level 15 of the Dungeon
 37836 | D:15     | Found a hazy altar of Hepliaklqana.
 37910 | D:15     | XOM: scenery: 1 doors open, 1 doors close
 37928 | D:15     | XOM: destruction
 38002 | D:15     | Noticed Kirke
 38011 | D:15     | XOM: enchant monster (good)
 38016 | D:15     | Killed Kirke
 38341 | D:15     | Found a staircase to the Depths.
 38712 | Depths:1 | Entered Level 1 of the Depths
 38732 | Depths:1 | XOM: give mutations
 38732 | Depths:1 | Gained mutation: A frigid envelope surrounds you and
                  | freezes all who hurt you. [Xom's grace]
 38732 | Depths:1 | Gained mutation: You are covered in fur. (AC +1) [Xom's
                  | grace]
 38769 | Depths:1 | Found a gateway to Hell.
 38779 | Depths:1 | Identified the +2 falchion "Etes" {freeze, rC++ rN+ SInv}
 38779 | Depths:1 | Identified the amulet "Umynoiz" {Faith rC+ Int+3}
 38791 | Depths:1 | XOM: cast spell 'Summon Dragon'
 38827 | Depths:1 | XOM: cast spell 'Monstrous Menagerie'
 38991 | Depths:1 | Found a portal to a secret trove of treasure.
 39009 | Depths:1 | XOM: destruction
 39016 | Depths:1 | XOM: 2-stop teleportation journey
 39038 | Depths:1 | Reached skill level 18 in Fighting
 39070 | Depths:1 | XOM: 3-stop teleportation journey
 39076 | Depths:1 | XOM: noise
 39090 | Depths:1 | Reached XP level 22. HP: 145/180 MP: 22/22
 39289 | Depths:1 | Found a stormy altar of Qazlal.
 39340 | Depths:1 | XOM: swap monsters
 39351 | Depths:1 | XOM: destruction
 39531 | Depths:1 | Found a one-way gate leading to the halls of Pandemonium.
 39546 | Depths:1 | XOM: enchant monster (bad)
 39576 | Depths:1 | XOM: give mutations
 39576 | Depths:1 | Lost mutation: You have a somewhat thin skeletal structure.
                  | (Dex +2, Stealth+) [Xom's mischief]
 39576 | Depths:1 | Lost mutation: You passively map a small area around you.
                  | [Xom's mischief]
 39576 | Depths:1 | Lost mutation: You occasionally shout uncontrollably at
                  | your foes. [Xom's mischief]
 39576 | Depths:1 | Lost mutation: Your flesh is heat resistant. (rF+) [Xom's
                  | mischief]
 39686 | Depths:1 | XOM: 1-stop teleportation journey
 39806 | Depths:1 | Identified the +1 leather armour of Qoyjioje {Str+4 Int+6
                  | Dex-4}
 39816 | Depths:1 | Identified the +6 chain mail "Zuerunamp" {Harm Will- Int-2
                  | Dex+8}
 39944 | Depths:1 | XOM: give mutations
 39944 | Depths:1 | Gained mutation: Armour fits poorly on your strangely
                  | shaped body. [Xom's mischief]
 39944 | Depths:1 | Lost mutation: Your mind is acute. (Int +4, Str/Dex -1)
                  | [Xom's mischief]
 39944 | Depths:1 | Gained mutation: Your spells are a little harder to cast,
                  | but a little more powerful. [Xom's mischief]
 39956 | Depths:1 | XOM: draining
 40044 | Depths:1 | XOM: give mutations
 40044 | Depths:1 | Lost mutation: You possess an exceptional clarity of mind.
                  | [Xom's mischief]
 40044 | Depths:1 | Lost mutation: Your flesh is cold resistant. (rC+) [Xom's
                  | mischief]
 40044 | Depths:1 | Gained mutation: You are frail. (-10% HP) [Xom's mischief]
 40149 | Depths:2 | XOM: polymorph fire giant -> iron giant
 40164 | Depths:2 | XOM: butterfly on damage
 40296 | Depths:2 | XOM: swap monsters
 40383 | Depths:2 | Acquired a manual of Dodging
 40452 | Depths:2 | XOM: confusion
 40542 | Depths:2 | Identified the +0 chain mail of Past Mistakes {rElec rF+
                  | Regen+}
 40546 | Depths:2 | XOM: 1-stop teleportation journey
 40547 | Depths:2 | Found an ancient bone altar of Kikubaaqudgha.
 40555 | Depths:2 | XOM: confusion
 40691 | Depths:2 | XOM: chaos cloud
 40700 | Depths:2 | Paralysed by you for 4 turns
 40705 | Depths:2 | XOM: blink monster(s)
 40761 | Depths:2 | Found a one-way gate to the infinite horrors of the Abyss.
 41060 | Depths:2 | Reached skill level 19 in Fighting
 41183 | Depths:3 | XOM: enchant monster (bad)
 41191 | Depths:3 | XOM: blink monster(s)
 41197 | Depths:3 | XOM: swap monsters
 41203 | Depths:3 | XOM: enchant monster (bad)
 41550 | Depths:3 | Reached skill level 5 in Dodging
 41598 | Depths:3 | XOM: 1-stop teleportation journey
 41685 | Depths:3 | XOM: 1-stop teleportation journey
 41690 | Depths:2 | Noticed a golden dragon
 41695 | Depths:2 | a golden dragon changed into an acid blob
 41695 | Depths:2 | XOM: polymorph golden dragon -> acid blob
 41774 | Depths:3 | Acquired a manual of Ranged Weapons
 41810 | Depths:3 | XOM: give mutations
 41810 | Depths:3 | Lost mutation: You have hoof-like feet. [Xom's mischief]
 41810 | Depths:3 | Gained mutation: Your muscles are strong. (Str +4, Int/Dex
                  | -1) [Xom's mischief]
 41810 | Depths:3 | Lost mutation: Your muscles are strong. (Str +4, Int/Dex
                  | -1) [Xom's mischief]
 42000 | Depths:3 | Noticed a caustic shrike
 42007 | Depths:3 | Killed a caustic shrike
 42018 | Depths:3 | Identified the +1 plate armour "Ummeoran" {Rampage Dex+3}
 42256 | Depths:4 | Entered Level 4 of the Depths
 42292 | Depths:4 | Noticed a golden dragon
 42299 | Depths:4 | XOM: blink monster(s)
 42310 | Depths:4 | Killed a golden dragon
 42322 | Depths:4 | XOM: chaos upgrade
 42328 | Depths:4 | XOM: enchant monster (good)
 42349 | Depths:4 | XOM: summons 1 hostile shadow creature
 42608 | Depths:4 | XOM: 1-stop teleportation journey
 42676 | Depths:4 | Found a gate to the Realm of Zot.
 42697 | Depths:4 | XOM: summons friendly white imp
 42717 | Depths:4 | XOM: cast spell 'Death Channel'
 42747 | Depths:4 | Reached skill level 20 in Fighting
 42790 | Depths:4 | XOM: summons 2 hostile shadow creatures
 42814 | Depths:4 | XOM: summons 12 hostile demons
 42899 | Depths:4 | Found Plog's Distillery.
 42899 | Depths:4 | Found Sewuko Heufe's Distillery.
 42946 | Depths:4 | Noticed a juggernaut
 42957 | Depths:4 | Killed a juggernaut
 42958 | Depths:4 | Gained mutation: Your magical and physical power is greatly
                  | enhanced at high health. [demonic ancestry]
 42958 | Depths:4 | Reached XP level 23. HP: 169/176 MP: 23/23
 42966 | Depths:4 | Bought a potion of haste for 190 gold pieces
 42966 | Depths:4 | Bought a potion of curing for 57 gold pieces
 42966 | Depths:4 | Bought a potion of curing for 57 gold pieces
 42966 | Depths:4 | Bought 2 potions of mutation for 304 gold pieces
 42966 | Depths:4 | Bought a potion of heal wounds for 95 gold pieces
 43002 | Depths:4 | Bought a potion of mutation for 160 gold pieces
 43002 | Depths:4 | Bought a potion of heal wounds for 100 gold pieces
 43002 | Depths:4 | Bought a potion of heal wounds for 100 gold pieces
 43016 | Depths:4 | Found a one-way gateway to a ziggurat.
 43028 | Depths:4 | Paralysed by a floating eye for 4 turns
 43373 | Depths:4 | XOM: silly message
 43408 | Depths:4 | Paralysed by a floating eye for 4 turns
 43414 | Depths:4 | Paralysed by a floating eye for 2 turns
 43419 | Depths:4 | Paralysed by a floating eye for 3 turns
 43420 | Depths:4 | XOM: potion effect (brilliance)
 43421 | Depths:4 | XOM: scenery: summon butterflies
 43425 | Depths:4 | XOM: cast spell 'Statue Form'
 43428 | Depths:4 | Paralysed by a floating eye for 3 turns
 43434 | Depths:4 | Paralysed by a floating eye for 2 turns
 43437 | Depths:4 | Paralysed by a floating eye for 2 turns
 43440 | Depths:4 | Paralysed by a floating eye for 2 turns
 43443 | Depths:4 | XOM: potion effect (brilliance)
 43444 | Depths:4 | Paralysed by a floating eye for 4 turns
 43450 | Depths:4 | Paralysed by a floating eye for 4 turns
 43459 | Depths:4 | Paralysed by a floating eye for 4 turns
 43512 | Depths:1 | XOM: silly message
 43778 | Elf:3    | Entered Level 3 of the Elven Halls
 43809 | Elf:3    | XOM: silly message
 43812 | Elf:3    | XOM: potion effect (heal wounds)
 43961 | Elf:3    | XOM: confuse monster(s)
 44040 | Elf:3    | XOM: cast spell 'Olgreb's Toxic Radiance'
 44164 | Elf:3    | XOM: silly message
 44498 | Elf:3    | XOM: scenery: create altars
 44732 | Elf:3    | XOM: noise
 44869 | Elf:3    | Identified the +7 chain mail "Vyqugg" {Int+2}
 44869 | Elf:3    | Identified the amulet "Ritsi Yni" {Spirit rC+ rCorr}
 44878 | Elf:3    | XOM: repel stairs
 44999 | Elf:3    | XOM: scenery: create altars
 45030 | Elf:3    | XOM: give mutation
 45030 | Elf:3    | Lost mutation: You are covered in fur. (AC +1) [Xom's
                  | mischief]
 45046 | Elf:3    | XOM: noise
 45057 | Elf:3    | XOM: give mutations
 45057 | Elf:3    | Gained mutation: You possess an exceptional clarity of
                  | mind. [Xom's grace]
 45057 | Elf:3    | Gained mutation: You are partially covered in large bone
                  | plates. (SH +4) [Xom's grace]
 45087 | Elf:3    | XOM: scenery: create altars
 45116 | Elf:3    | Identified the amulet "Aremozerph" {RegenMP rN++ MP-9}
 45315 | Elf:3    | Identified the +7 trident "Paulempi" {spect, *Rage rN+++
                  | Dex+3 SInv}
 45315 | Elf:3    | Identified the +4 troll leather armour of Hyvihix {rF+ rC-
                  | Regen+ SInv}
 45320 | Elf:3    | Reached skill level 21 in Fighting
 45337 | Elf:3    | Acquired the +1 kite shield of Beogh, Teaching {Rampage
                  | MP-9 Str+4 Int+3}
 45356 | Elf:3    | Identified the +0 dagger of Supply {venom, rF+ rN+ Int+2
                  | Dex-4}
 45359 | Elf:3    | XOM: give mutations
 45359 | Elf:3    | Lost mutation: You possess an exceptional clarity of mind.
                  | [Xom's mischief]
 45359 | Elf:3    | Lost mutation: Your spells are a little harder to cast, but
                  | a little more powerful. [Xom's mischief]
 45386 | Elf:3    | Identified the +1 ring mail "Kuggieg" {Harm Rampage rN++
                  | Dex-5}
 45390 | Elf:3    | Identified the +1 kite shield "Iwum" {rN+ Will+ Str+4
                  | Dex+3}
 45571 | Elf:1    | XOM: god gift: 43 gold pieces
 45853 | Vaults:5 | Entered Level 5 of the Vaults
 45857 | Vaults:5 | XOM: smoke on damage
 45897 | Vaults:5 | XOM: god gift: scroll of silence
 45901 | Vaults:5 | XOM: potion effect (heal wounds)
 45951 | Vaults:5 | Reached skill level 10 in Dodging
 45953 | Vaults:5 | Gained mutation: You occasionally lose the ability to drink
                  | potions when taking damage. [a shining eye]
 45958 | Vaults:5 | Lost mutation: You have supernaturally acute eyesight.
                  | (SInv) [potion of mutation]
 45958 | Vaults:5 | Lost mutation: You occasionally lose the ability to drink
                  | potions when taking damage. [potion of mutation]
 45958 | Vaults:5 | Gained mutation: You are clumsy. (Dex -2) [potion of
                  | mutation]
 45959 | Vaults:5 | Lost mutation: A frigid envelope surrounds you and freezes
                  | all who hurt you. [potion of mutation]
 45959 | Vaults:5 | Lost mutation: You have large cloven feet. [potion of
                  | mutation]
 45959 | Vaults:5 | Lost mutation: You are frail. (-10% HP) [potion of
                  | mutation]
 45959 | Vaults:5 | Lost mutation: Armour fits poorly on your strangely shaped
                  | body. [potion of mutation]
 45959 | Vaults:5 | Gained mutation: Your spells are a little harder to cast,
                  | but a little more powerful. [potion of mutation]
 45959 | Vaults:5 | Gained mutation: You are robust. (+10% HP) [potion of
                  | mutation]
 46024 | Vaults:5 | XOM: enchant monster (good)
 46072 | Vaults:5 | XOM: divination: magic mapping
 46284 | Vaults:5 | XOM: potion effect (brilliance)
 46344 | Vaults:5 | XOM: potion effect (haste)
 46377 | Vaults:5 | XOM: cloud trail
 46618 | Vaults:5 | Reached skill level 22 in Fighting
 46663 | Vaults:5 | XOM: cast spell 'Summon Ice Beast'
 46676 | Vaults:5 | XOM: blink monster(s)
 46695 | Vaults:5 | Found Xikhinesh's Distillery.
 46696 | Vaults:5 | XOM: enchant monster (bad)
 46697 | Vaults:5 | XOM: smoke on damage
 46704 | Vaults:5 | Bought a potion of haste for 180 gold pieces
 46704 | Vaults:5 | Bought a potion of curing for 54 gold pieces
 46704 | Vaults:5 | Bought a potion of haste for 180 gold pieces
 46704 | Vaults:5 | Bought a potion of resistance for 180 gold pieces
 46704 | Vaults:5 | Bought a potion of curing for 54 gold pieces
 46755 | Vaults:5 | Found Bousuath's Armour Shop.
 46755 | Vaults:5 | XOM: 1-stop teleportation journey
 46757 | Vaults:5 | XOM: polymorph ironbound convoker -> glowing shapeshifter
 46763 | Vaults:5 | Reached XP level 24. HP: 225/232 MP: 23/23
 46769 | Vaults:5 | XOM: silly message
 46929 | Vaults:5 | XOM: chaos upgrade
 47191 | Vaults:5 | Got a silver rune of Zot
 47370 | Vaults:5 | XOM: torment (141/233 hp)
 47442 | Vaults:5 | Noticed a dread lich
 47443 | Vaults:5 | Found Urchitzorch's Antique Armour Shoppe.
 47447 | Vaults:5 | Killed a dread lich
 47572 | Vaults:5 | XOM: chaos cloud
 47594 | Vaults:5 | XOM: divination: magic mapping
 47603 | Vaults:5 | Reached skill level 23 in Fighting
 47730 | Vaults:5 | XOM: potion effect (berserk rage)
 47744 | Vaults:5 | Found Xurch's Distillery.
 47744 | Vaults:5 | Found Qiodwy's Armour Shoppe.
 47749 | Vaults:5 | Bought a potion of curing for 48 gold pieces
 47749 | Vaults:5 | Bought a potion of ambrosia for 128 gold pieces
 47749 | Vaults:5 | Bought a potion of curing for 48 gold pieces
 47749 | Vaults:5 | Bought a potion of curing for 48 gold pieces
 47749 | Vaults:5 | Bought a potion of curing for 48 gold pieces
 47749 | Vaults:5 | Bought 2 potions of curing for 96 gold pieces
 47761 | Vaults:5 | Found Esoolos's Distillery.
 47769 | Vaults:5 | Bought 2 potions of mutation for 256 gold pieces
 47769 | Vaults:5 | Bought a potion of curing for 48 gold pieces
 47769 | Vaults:5 | Bought a potion of haste for 160 gold pieces
 47769 | Vaults:5 | Bought a potion of curing for 48 gold pieces
 47769 | Vaults:5 | Bought a potion of mutation for 128 gold pieces
 47783 | Vaults:5 | Found Doliwauw's Magic Scroll Shop.
 47788 | Vaults:5 | Bought a scroll of enchant armour for 82 gold pieces
 47788 | Vaults:5 | Bought 3 scrolls of blinking for 247 gold pieces
 47788 | Vaults:5 | Bought a scroll of teleportation for 33 gold pieces
 47788 | Vaults:5 | Bought a scroll of teleportation for 33 gold pieces
 47816 | Vaults:5 | XOM: silly message
 48175 | Zot:1    | Entered Level 1 of the Realm of Zot
 48198 | Zot:1    | XOM: cast spell 'Summon Ice Beast'
 48270 | Zot:1    | XOM: divination: detect creatures
 48441 | Zot:1    | XOM: divination: detect creatures
 48517 | Zot:1    | XOM: cloud trail
 48877 | Zot:1    | XOM: cast spell 'Olgreb's Toxic Radiance'
 49038 | Zot:1    | Identified the +3 leather armour "Ynneebb" {Int+5 Dex+2
                  | Stlth+}
 49086 | Zot:1    | XOM: 4-stop teleportation journey
 49211 | Zot:1    | XOM: scenery: summon butterflies
 49651 | Zot:2    | XOM: divination: detect creatures
 49663 | Zot:2    | XOM: enchant monster (good)
 49793 | Zot:2    | XOM: summons friendly white imp
 49795 | Zot:2    | XOM: enchant monster (bad)
 49796 | Zot:2    | XOM: silly message
 49860 | Zot:2    | XOM: silly message
 49866 | Zot:2    | XOM: 1-stop teleportation journey
 49938 | Zot:2    | Reached skill level 24 in Fighting
 50031 | Zot:3    | Noticed an orb of fire
 50045 | Zot:2    | Lost mutation: You are partially covered in large bone
                  | plates. (SH +4) [an orb of fire]
 50046 | Zot:2    | Killed an orb of fire
 50236 | Zot:4    | XOM: enchant monster (good)
 50240 | Zot:4    | Reached XP level 25. HP: 228/246 MP: 23/23
 50247 | Zot:4    | XOM: summons 2 friendly demons
 50386 | Zot:4    | XOM: smoke on damage
 50553 | Zot:5    | Entered Level 5 of the Realm of Zot
 50899 | Zot:5    | XOM: smoke on damage
 51057 | Zot:5    | Reached skill level 25 in Fighting
 51116 | Zot:4    | XOM: cleaving
 51290 | Zot:5    | XOM: confuse monster(s)
 51293 | Zot:5    | XOM: polymorph tentacled monstrosity -> hellephant
 51354 | Zot:5    | Lost mutation: Your spells are a little harder to cast, but
                  | a little more powerful. [potion of mutation]
 51354 | Zot:5    | Lost mutation: You are clumsy. (Dex -2) [potion of
                  | mutation]
 51354 | Zot:5    | Lost mutation: You occasionally lose the ability to read
                  | scrolls when taking damage. [potion of mutation]
 51354 | Zot:5    | Gained mutation: You have a pair of small horns on your
                  | head. [potion of mutation]
 51354 | Zot:5    | Gained mutation: Your natural rate of healing is unusually
                  | fast. [potion of mutation]
 51621 | Zot:5    | Noticed a dread lich
 51622 | Zot:5    | Noticed a dread lich
 51640 | Zot:5    | Killed a dread lich
 51649 | Zot:5    | Killed a dread lich
 51751 | Zot:5    | Noticed an orb of fire
 51751 | Zot:5    | Noticed an orb of fire
 51753 | Zot:5    | Gained mutation: You possess an exceptional clarity of
                  | mind. [an orb of fire]
 51758 | Zot:5    | Identified the +2 hat of Libbups {SInv} (Xom gifted it to
                  | you on level 5 of the Realm of Zot)
 51758 | Zot:5    | XOM: god gift: +2 hat of Libbups {SInv}
 51765 | Zot:5    | Gained mutation: Your magical capacity is low. (-10% MP)
                  | [an orb of fire]
 51768 | Zot:5    | Killed an orb of fire
 51772 | Zot:5    | Killed an orb of fire
 51788 | Zot:5    | Noticed a dread lich
 51791 | Zot:5    | Noticed a Killer Klown
 51796 | Zot:5    | Killed a dread lich
 51796 | Zot:5    | Noticed a Killer Klown
 51803 | Zot:5    | Noticed an orb of fire
 51804 | Zot:5    | Noticed a dread lich
 51805 | Zot:5    | XOM: summons 10 friendly demons
 51806 | Zot:5    | Noticed an orb of fire
 51941 | Zot:4    | Killed a dread lich
 51946 | Zot:5    | Killed an orb of fire
 51958 | Zot:5    | Killed a Killer Klown
 51970 | Zot:5    | Gained mutation: Your magical capacity is very low. (-20%
                  | MP) [an orb of fire]
 51973 | Zot:5    | Killed an orb of fire
 51976 | Zot:5    | Killed a Killer Klown
 51992 | Zot:5    | Noticed an orb of fire
 51995 | Zot:5    | XOM: scenery: summon butterflies
 52001 | Zot:5    | Killed an orb of fire
 52049 | Zot:5    | XOM: enchant monster (good)
 52111 | Zot:5    | Got the Orb of Zot
 52114 | Zot:5    | Noticed an orb of fire
 52114 | Zot:5    | Noticed an orb of fire
 52115 | Zot:5    | Noticed a Killer Klown
 52115 | Zot:5    | Noticed an orb of fire
 52115 | Zot:5    | Noticed an orb of fire
 52115 | Zot:5    | Noticed an orb of fire
 52115 | Zot:5    | Noticed an orb of fire
 52211 | Zot:3    | XOM: noise
 52272 | Zot:2    | Noticed Qipuikog the pandemonium lord
 52284 | Zot:2    | Killed Qipuikog the pandemonium lord
 52286 | Zot:2    | XOM: 5-stop teleportation journey
 52333 | Zot:1    | Reached XP level 26. HP: 213/258 MP: 18/18
 52465 | D:15     | XOM: summons 8 hostile demons
 52806 | D:$      | Escaped with the Orb!

Illustrated notes

Levels and vault maps discovered:
D:1:      wander_arrival_abandoned_jail, layout_loops_ring, serial_shops, shop,
          minmay_misc_feat_iff, minmay_hexomino_c4
D:2:      layout_basic, minmay_misc_feat_nine_boxes, uniq_jessica
D:3:      layout_basic, serial_undead, serial_undead_c, serial_undead_a,
          serial_undead_e, serial_undead_c, serial_undead_a, uniq_ijyb
D:4:      layout_gridville, gammafunk_temple_overflow_pools,
          minmay_temple_entry_statues_fountains, uniq_duvessa, uniq_menkaure
D:5:      layout_loops_ring, mainiacjoe_overflow_tiny_flanked, uniq_grinder,
          uniq_pikel
D:6:      layout_loops_corners, serial_shops, nicolae_shop_hallway_stairs, shop,
          shop, nicolae_shop_crystal, shop_fountains
D:7:      minmay_opposing_rooms, layout_basic, nicolae_ru_the_path_less_chosen,
          jmf_multi_god_temple, gammafunk_ghost_gnarly_gnolls
D:8:      layout_cave_pools, enter_bailey_3, chequers_serial_rivers_room_a,
          minmay_quadrilaterals
D:9:      layout_rooms, hellmonk_ghost_big_iron, uniq_erolcha
D:10:     layout_cave_pools, pf_just_have_faith, tso_oasis_becter,
          minmay_liquid_box
D:11:     layout_irregular_city, hellmonk_lair_entry_icy, orc_0_dummy,
          uniq_josephine
D:12:     layout_loops_cross, gammafunk_ghost_grave, uniq_nessos
D:13:     layout_irregular_city, david_vaults_4, nicolae_titane
D:14:     layout_loops_ring, nicolae_two_hexagons
D:15:     hangedman_depths_entry_civil_slaughter, layout_stronghold,
          fountainhead, minivault_25_ag, nicolae_hepliaklqana_monster_ancestors,
          uniq_kirke
Lair:1:   layout_hall_layers, ebering_ghost_rock_garden, lemuel_fruit_tree,
          serial_bayou_shore_a
Lair:2:   layout_roguey, gauntlet_entry_generic, uniq_maggie
Lair:3:   layout_small_grid, shoals_dummy_entry, guppyfry_snake_entry_garden,
          cheibrodos_lair_reptile_den, infiniplex_staircase_pool_2
Lair:4:   layout_misc_corridors, nicolae_slime_entry_slimehenge
Lair:5:   grunt_lair_end_beastmaster, layout_regular_city,
          bh_autumn_forest_stairs, dreamdust_mushroom_princess,
          serial_bayou_pond_d
Shoals:1: nicolae_shoals_mermall, layout_shoals, uniq_louise
Shoals:2: layout_shoals, serial_shops, shop
Shoals:3: layout_shoals, serial_nicolae_subway, nicolae_sub_station_stone,
          nicolae_sub_station_metal, nicolae_sub_station_crystal
Shoals:4: shoals_end_hellmonk_lost_city, uniq_polyphemus
Snake:1:  layout_onion, serial_shops, shop, nicolae_snake_coiling_death
Snake:2:  layout_honeycomb, st_stairs_8, serial_bayou_lake_a,
          serial_bayou_shore_b, minmay_shop_grove, uniq_aizul, uniq_roxanne
Snake:3:  cheibrodos_snake_ritualist_ritual, layout_gridlike,
          chequers_hall_statues_y, guppyfry_snake_island, uniq_saint_roka
Snake:4:  hellmonk_snake_rune_quicksilver_temple, layout_rooms, basic_altar,
          serial_shops, nicolae_shop_advertising_works
          [nicolae_subvault_shop_adworks], grunt_ministairs_14
Orc:1:    layout_diamond_mine, serial_shops, nicolae_lakefront_shop,
          portal_ice_cave_entry_pillars_2
Orc:2:    st_orc_ogre_mass, layout_diamond_mine, serial_shops,
          nicolae_shop_hallway_plus, shop, nicolae_shop_hallway_stairs, shop,
          mines2_david
Elf:1:    minmay_elf_arrival_plus, layout_geoelf_grid, hangedman_elf_disciples,
          einodemon_armed_red_devil_minivault
Elf:2:    elven_hall_of_blades_hangedman_original [nicolae_blade_lattice],
          layout_onion_city, minmay_elf_demonology
Elf:3:    elf_hall, layout_loops_cross, grunt_ministairs_4
Vaults:1: ontoclasm_vaults_claustrophobia, vaults_room_grunt_arrival_ludios,
          v_alt_pattern_5, v_misc_26, vaults_room_door_ring,
          nicolae_vaults_three_branches, serial_ice_h, layout_vaults_omnigrid,
          serial_shops, nicolae_shop_statue_plus, uniq_nikola
Vaults:2: hangedman_vaults_locks, hangedman_vaults_stitches,
          hangedman_vaults_capsules, ontoclasm_vaults_decontamination,
          vaults_mumra_hex, minmay_crypt_entry_simple_statues,
          hangedman_vaults_cutoff, v_misc_19, grunt_vaults_trifunnel,
          nicolae_vaults_little_squares_2, layout_vaults_big_room
Vaults:3: nicolae_vaults_network_barrier, v_misc_25, vaults_mumra_lcd,
          ontoclasm_vaults_hangar, nicolae_vaults_back_hallway,
          nicolae_vaults_quadrants, nicolae_vaults_little_squares_6,
          nicolae_vaults_specimen_jars, nicolae_vaults_border_crossing,
          layout_vaults_omnicross, uniq_jory, uniq_mara
Vaults:4: hangedman_vaults_snaps, ontoclasm_vaults_tryst, v_misc_4, v_rooms_3,
          hangedman_vaults_nodes, vaults_standard_mumra_x, vaults_dpeg_diagonal,
          v_misc_18, nicolae_vaults_little_squares_1, layout_vaults_ring
Vaults:5
Depths:1: minmay_the_grid_4x2 [minmay_the_grid_outer_circle,
          minmay_the_grid_tri_star, minmay_the_grid_plusring,
          minmay_the_grid_outer_diamond, minmay_the_grid_holed_spiral,
          minmay_the_grid_aliased_spiral, minmay_the_grid_odd_star,
          minmay_the_grid_prize_trominoes], layout_twisted_cross,
          grunt_pan_entry_spiral, bh_walls_and_bars, enter_trove_1, hell_entry,
          minmay_tree_intersection, hangedman_decor_clover_reticule,
          chequers_serial_rivers_micro_e, grunt_qazlal_sundering
Depths:2: kennysheep_funnel, layout_cave_pools, hell_entry,
          kiku_gazebo_garden_becter, minmay_room_of_horrors, pan_entry,
          lemuel_flamethrower_2
Depths:3: kennysheep_cluttered_fort, layout_cave_pools, rand_demon_pan_entry_9,
          minmay_misc_feat_four_crosses, pf_hell_entry_tar_spiral,
          abyss_entry_crystal
Depths:4: evilmike_zot_entry_argh, layout_basic, enter_ziggurat_d, hell_entry,
          hangedman_decor_lopped, nicolae_abyss_entry_one_way_or_another,
          minmay_shoptagon
Zot:1:    layout_basic
Zot:2:    lemuel_acid_trip, layout_cathedral_of_symmetry, skrybe_zot_glass_3,
          uniq_grunn
Zot:3:    layout_onion, st_stairs_2, grunt_megastairs_4
Zot:4:    layout_misc_corridors, drop_trap
Zot:5:    layout_twisted_circle, grunt_ministairs_7

Skill      XL: |  1  2  3  4  5  6  7  8  9 10 11 12 13 14 15 16 17 18 19 20 21 22 23 24 25 |
---------------+----------------------------------------------------------------------------+-----
Dodging        | 1 2 7 10 12 | 12.4
Axes           | 3 4 5 7 8 10 12 13 14 15 16 17 | 17.9
Armour         | 2 3 4 5 7 8 10 11 12 13 14 15 17 18 19 21 | 21.4
Stealth        | 1 |  1.7
Fighting       | 4 5 7 8 9 11 12 13 14 18 20 22 24 25 | 25.0
Evocations     | 1 2 4 6 8 9 10 11 12 14 17 18 | 18.0
Shields        | 4 6 9 10 12 | 12.2
Short Blades   | 1 |  1.1
Maces & Flails | 1 |  1.2
Throwing       | 5 12 15 16 | 16.0

Action                     |  1- 3 |  4- 6 |  7- 9 | 10-12 | 13-15 | 16-18 | 19-21 | 22-24 | 25-27 || total
---------------------------+-------+-------+-------+-------+-------+-------+-------+-------+-------++-------
  Melee: Hand axe          |    99 |    86 |   211 |   936 |  1457 |   693 |   805 |   688 |    27 ||  5002
         Punch             |     1 |     3 |     4 |     4 |       |       |       |       |       ||    12
         Headbutt          |       |       |       |   104 |       |       |    93 |       |    93 ||   290
         Short sword       |       |       |       |     8 |       |       |       |       |       ||     8
         Morningstar       |       |       |       |       |    12 |       |       |       |       ||    12
         Kick              |       |       |       |       |     1 |       |       |       |       ||     1
         Broad axe         |       |       |       |       |    11 |   418 |   894 |   949 |   352 ||  2624
  Throw: Boomerang         |       |       |       |       |       |    51 |    64 |   129 |     3 ||   247
         Javelin           |       |       |       |       |       |       |       |       |     7 ||     7
Ability: Evoke Invisibilit |       |       |       |       |       |       |       |     1 |       ||     1
  Evoke: Wand              |       |     6 |     1 |     7 |       |     2 |     2 |     4 |       ||    22
         Piece from Xom's  |       |     3 |     2 |     8 |     3 |       |       |       |       ||    16
         Lightning rod     |       |       |       |       |     2 |       |       |       |       ||     2
         Condenser vane    |       |       |       |       |     1 |       |     2 |     5 |       ||     8
         Box of beasts     |       |       |       |       |       |       |     2 |       |     1 ||     3
         Phial of floods   |       |       |       |       |       |       |       |     2 |       ||     2
         Tin of tremorston |       |       |       |       |       |       |       |     1 |       ||     1
         Phantom mirror    |       |       |       |       |       |       |       |       |     1 ||     1
    Use: Scroll            |       |     1 |     5 |    15 |    18 |     8 |     7 |     7 |     7 ||    68
         Potion            |       |       |     1 |     3 |     7 |     5 |     6 |     9 |     7 ||    38
   Stab: Paralysed         |       |     1 |    10 |    12 |    16 |     2 |     6 |     3 |       ||    50
         Confused          |       |       |     1 |    16 |    36 |    11 |    12 |     7 |     1 ||    84
         Petrifying        |       |       |       |     2 |     2 |     3 |       |     2 |       ||     9
         Distracted        |       |       |       |     2 |     9 |     7 |     9 |     3 |     2 ||    32
         Invisible         |       |       |       |     6 |       |     9 |     6 |     1 |       ||    22
         Petrified         |       |       |       |       |    16 |     2 |     4 |     8 |       ||    30
 Armour: Leather armour    |    39 |    19 |       |       |       |       |       |       |       ||    58
         Chain mail        |       |    33 |   137 |   184 |       |       |       |       |       ||   354
         Plate armour      |       |       |       |   191 |   456 |   549 |   617 |   572 |   181 ||  2566
  Dodge: Dodged            |    50 |    39 |    70 |   404 |   397 |   290 |   375 |   530 |   178 ||  2333
  Block: Buckler           |       |       |       |   102 |       |       |       |       |       ||   102
         Kite shield       |       |       |       |       |   807 |   658 |  1072 |   993 |   188 ||  3718

Table legend: (Time is in decaauts)
 A = Elapsed time spent in this place.
 B = Non-inter-level travel time spent in this place.
 C = Inter-level travel time spent in this place.
 D = Time resting spent in this place.
 E = Time spent auto-exploring this place.
 F = Levels seen in this place.
 G = Mean time per level.
                   A        B        C        D        E       F      G
               +--------+--------+--------+--------+--------+-----+--------+
         Total |  50994 |  45167 |   5827 |   2320 |  27577 |  50 | 1019.9 |
       Dungeon |  14492 |  11609 |   2883 |    107 |   8259 |  15 |  966.1 |
          Lair |   4593 |   3992 |    601 |      0 |   2750 |   5 |  918.6 |
        Shoals |   3986 |   3743 |    243 |     46 |   2167 |   4 |  996.5 |
     Snake Pit |   4240 |   3949 |    291 |    139 |   2484 |   4 | 1060.0 |
  Orcish Mines |   1727 |   1179 |    548 |     19 |    728 |   2 |  863.5 |
   Elven Halls |   3841 |   3549 |    292 |    452 |   1861 |   3 | 1280.3 |
        Vaults |   8014 |   7568 |    446 |    260 |   5103 |   5 | 1602.8 |
        Depths |   4815 |   4534 |    281 |    212 |   2916 |   4 | 1203.8 |
           Zot |   4029 |   3792 |    237 |   1038 |   1272 |   5 |  805.8 |
        Bailey |    764 |    764 |      0 |     46 |     35 |   1 |  764.0 |
      Ice Cave |    184 |    184 |      0 |      0 |      0 |   1 |  184.0 |
      Gauntlet |    304 |    304 |      0 |      0 |      0 |   1 |  304.0 |
               +--------+--------+--------+--------+--------+-----+--------+

Top non-repeatable levels by time:
Vaults:5: 1930 daAuts
Vaults:3: 1720 daAuts
   Elf:3: 1683 daAuts
     D:7: 1676 daAuts
Vaults:1: 1617 daAuts
   Elf:1: 1503 daAuts
Depths:1: 1445 daAuts
    D:11: 1391 daAuts
Vaults:4: 1385 daAuts
Vaults:2: 1361 daAuts
 Snake:2: 1247 daAuts
   Zot:1: 1240 daAuts
Depths:3: 1239 daAuts
  Lair:5: 1235 daAuts
   Orc:2: 1232 daAuts
